 Dungeon Crawl Stone Soup version 0.23-a0-586-gacb4b3f (console) character file.

10607699 asdu the Archmage (level 27, 235/235 HPs)
             Began as a Mummy Fire Elementalist on Mar 4, 2018.
             Was an Initiate of Gozag.
             Escaped with the Orb
             ... and 15 runes on Dec 19, 2018!
             The game lasted 21:41:39 (158234 turns).

asdu the Archmage (Mummy Fire Elementalist)       Turns: 158234, Time: 21:41:40

Health: 235/235    AC: 17    Str: 20    XL:     27
Magic:  72/72      EV: 25    Int: 32    God:    Gozag
Gold:   38133      SH: 16    Dex: 12    Spells: 3/80 levels left

rFire    + + .     SeeInvis +   e - staff of conjuration {!a}
rCold    + + +     Gourm    .   f - +2 shield of Resistance {rF+ rC+ MR+}
rNeg     + + +     Faith    .   b - +5 robe of Night {Dark MR+ SInv}
rPois    ∞         Spirit   .   T - +2 helmet {Int+3}
rElec    .         Reflect  .   A - scarf {rC+ rF+}
rCorr    +         Harm     .   V - +1 pair of gloves "Borethum" {rCorr MP+9 Str+4}
MR       +++++                  c - +2 pair of boots of the Assassin {Detection Stab+ Stlth++}
Stlth    ++........             R - amulet of Demons {RegenMP rC++ MP+9}
HPRegen  0.49/turn              x - +6 ring of intelligence
MPRegen  0.68/turn              k - ring of fire

@: deflect missiles
A: no food or potions, fire vulnerability, cold resistance 1, negative energy
resistance 3, torment resistance, unbreathing, in touch with death 2
0: Orb of Zot
}: 15/15 runes: barnacled, slimy, silver, golden, iron, obsidian, icy, bone,
abyssal, demonic, glowing, magical, fiery, dark, gossamer
a: Potion Petition, Call Merchant, Bribe Branch, Renounce Religion


You escaped.
You worshipped Gozag.
Gozag was extremely pleased with you.
You were not hungry.

You visited 17 branches of the dungeon, and saw 89 of its levels.
You visited Pandemonium 2 times, and saw 20 of its levels.
You visited the Abyss 2 times.
You visited 1 ziggurat, and saw 16 of its levels.
You also visited: Sewer and Bailey.

You collected 68930 gold pieces.
You spent 8941 gold pieces at shops.
You paid 21856 gold pieces to Gozag.

Inventory:

Hand Weapons
 g - the +7 sceptre of Asmodeus
   (You took it off Asmodeus on level 7 of Gehenna)
 o - the +4 staff of Dispater
   (You took it off Dispater on level 7 of the Iron City of Dis)
 w - a +9 demon whip of electrocution
Armour
 b - the +5 robe of Night (worn) {Dark MR+ SInv}
   (You found it on level 7 of the Iron City of Dis)

   It affects your resistance to hostile enchantments.
   It lets you see invisible.
 c - the +2 pair of boots of the Assassin (worn) {Detection Stab+ Stlth++}
   (You acquired it on level 3 of the Vaults)

   It makes you much more stealthy.
 f - the +2 shield of Resistance (worn) {rF+ rC+ MR+}
   (You acquired it in Pandemonium)

   It protects you from fire.
   It protects you from cold.
   It affects your resistance to hostile enchantments.
 A - a scarf of resistance (worn)
 S - the +3 robe of Folly {Archmagi, MR-- Int+5}
   (You found it on level 16 of a ziggurat)

   It affects your intelligence (+5).
   It affects your resistance to hostile enchantments.
 T - a +2 helmet of intelligence (worn)
 V - the +1 pair of gloves "Borethum" (worn) {rCorr MP+9 Str+4}
   (You bought it in a shop on level 15 of the Dungeon)

   It affects your strength (+4).
   It affects your magic capacity (+9).
   It provides partial protection from all sources of acid and corrosion.
Magical Staves
 a - an uncursed staff of wizardry {!a}
 e - an uncursed staff of conjuration (weapon) {!a}
 q - an uncursed staff of energy {!a}
 s - an uncursed staff of fire
Jewellery
 j - the ring of the Exiled Lives {rC+ MR++ Dex+7}
   (You found it in Pandemonium)

   [ring of protection from cold]

   It affects your dexterity (+7).
   It protects you from cold.
   It affects your resistance to hostile enchantments.
 k - a ring of fire (right hand)
 u - the ring of Etudorgh {+Fly rF+ rC+ MR+}
   (You found it on level 15 of a ziggurat)

   [ring of flight]

   It protects you from fire.
   It protects you from cold.
   It affects your resistance to hostile enchantments.
   It lets you fly.
 v - the amulet of Propriety {Gourm Int+6 Slay+5 SInv Stlth-}
   (You found it on level 4 of a ziggurat)

   [amulet of the gourmand]

   It allows you to eat raw meat even when not hungry.
   It affects your intelligence (+6).
   It affects your accuracy and damage with ranged weapons and melee attacks
   (+5).
   It lets you see invisible.
   It makes you less stealthy.
 x - a +6 ring of intelligence (left hand)
 G - the ring of the Disturbing Allies {rElec rPois rC+ Stlth-}
   (You bought it in a shop on level 1 of the Elven Halls)

   [ring of attention]

   It protects you from cold.
   It insulates you from electricity.
   It protects you from poison.
   It makes you less stealthy.
 I - the ring of Robustness {AC+8}
   (You found it on level 12 of a ziggurat)

   [ring of protection]

   It affects your AC (+8).
 R - the amulet of Demons (around neck) {RegenMP rC++ MP+9}
   (You found it on level 10 of a ziggurat)

   [amulet of magic regeneration]

   It increases your magic regeneration.
   It greatly protects you from cold.
   It affects your magic capacity (+9).
 U - the ring of Phasing {EV+8}
   (You found it on level 14 of a ziggurat)

   [ring of evasion]

   It affects your evasion (+8).
Wands
 m - a wand of acid (15)
 p - a wand of iceblast (59)
 y - a wand of digging (51)
 D - a wand of enslavement (37)
 E - a wand of paralysis (77)
 N - a wand of clouds (1)
 P - a wand of scattershot (16)
Scrolls
 d - 4 scrolls of magic mapping
 h - 23 scrolls of teleportation
 i - 25 scrolls of identify
 r - 37 scrolls of remove curse
 B - 10 scrolls of blinking
 C - 14 scrolls of fog
 F - 14 scrolls of immolation
 H - 11 scrolls of fear
 M - a scroll of summoning
Miscellaneous
 l - 11 sacks of spiders
 n - a fan of gales
 J - the horn of Geryon
 K - a lamp of fire
 L - a lightning rod (4/4)
 X - 11 boxes of beasts
 Y - a phial of floods
 Z - 16 phantom mirrors


   Skills:
 + Level 23.2 Fighting
 - Level 12.0 Maces & Flails
 + Level 9.6 Armour
 + Level 21.5 Dodging
 - Level 8.5 Stealth
 + Level 15.1 Shields
 O Level 27 Spellcasting
 O Level 27 Conjurations
 - Level 4.0 Charms
 - Level 4.3 Summonings
 - Level 2.0 Translocations
 O Level 27 Fire Magic
 - Level 2.0 Ice Magic
 - Level 5.3 Air Magic
 + Level 14.8 Earth Magic
 + Level 19.7 Evocations


You had 3 spell levels left.
You knew the following spells:

 Your Spells              Type           Power        Failure   Level  Hunger
a - Ignition              Fire           ########..   1%          8    N/A
b - Blink                 Tloc           N/A          1%          2    N/A
c - Bolt of Fire          Conj/Fire      #########.   0%          6    N/A
d - Fireball              Conj/Fire      #########.   0%          5    N/A
e - Summon Lightning Spi  Summ/Air       ######..     1%          4    N/A
f - Fire Storm            Conj/Fire      #########.   1%          9    N/A
g - Iskenderun's Mystic   Conj           ########     0%          4    N/A
h - Summon Butterflies    Summ           ######..     1%          1    N/A
i - Conjure Flame         Conj/Fire      ########     0%          3    N/A
p - Deflect Missiles      Chrm/Air       ######....   12%         6    N/A
q - Apportation           Tloc           ######       1%          1    N/A
r - Throw Flame           Conj/Fire      ######       0%          2    N/A
s - Sticky Flame          Conj/Fire      ########     0%          4    N/A
t - Passage of Golubria   Tloc           N/A          2%          4    N/A
u - Swiftness             Chrm/Air       ######..     1%          2    N/A
v - Iron Shot             Conj/Erth      ########..   0%          6    N/A
x - Orb of Destruction    Conj           ########..   0%          7    N/A
y - Ozocubu's Armour      Chrm/Ice       ######..     1%          3    N/A

Your spell library contained the following spells:

 Spells                   Type           Power        Failure   Level  Hunger
 Flame Tongue             Conj/Fire      #####        0%          1    N/A
 Magic Dart               Conj           ####         0%          1    N/A
 Sandblast                Erth           ######       0%          1    N/A
 Shock                    Conj/Air       ####         0%          1    N/A
 Sting                    Conj/Pois      ####         0%          1    N/A
 Searing Ray              Conj           ######       0%          2    N/A
 Throw Frost              Conj/Ice       ######       0%          2    N/A
 Dazzling Spray           Conj/Hex       ######       0%          3    N/A
 Inner Flame              Hex/Fire       ########     0%          3    N/A
 Static Discharge         Conj/Air       ########     0%          3    N/A
 Stone Arrow              Conj/Erth      ######       0%          3    N/A
 Animate Skeleton         Necr           N/A          1%          1    N/A
 Confusing Touch          Hex            #####.       1%          1    N/A
 Corona                   Hex            #####..      1%          1    N/A
 Freeze                   Ice            ####         1%          1    N/A
 Infusion                 Chrm           ####         1%          1    N/A
 Pain                     Necr           ####         1%          1    N/A
 Summon Small Mammal      Summ           ####         1%          1    N/A
 Call Imp                 Summ           ######..     1%          2    N/A
 Corpse Rot               Necr           N/A          1%          2    N/A
 Ensorcelled Hibernation  Hex/Ice        #####.       1%          2    N/A
 Passwall                 Tmut/Erth      ######..     1%          2    N/A
 Poisonous Vapours        Pois/Air       ######       1%          2    N/A
 Shroud of Golubria       Chrm/Tloc      ######....   1%          2    N/A
 Slow                     Hex            #####...     1%          2    N/A
 Song of Slaying          Chrm           ######..     1%          2    N/A
 Sticks to Snakes         Tmut           #####...     1%          2    N/A
 Call Canine Familiar     Summ           ######..     1%          3    N/A
 Confuse                  Hex            #####...     1%          3    N/A
 Gell's Gravitas          Tloc           ######....   1%          3    N/A
 Ignite Poison            Fire/Tmut/Pois ########     1%          3    N/A
 Lesser Beckoning         Tloc           ######....   1%          3    N/A
 Mephitic Cloud           Conj/Pois/Air  ########     1%          3    N/A
 Portal Projectile        Hex/Tloc       #####.       1%          3    N/A
 Recall                   Summ/Tloc      N/A          1%          3    N/A
 Spectral Weapon          Hex/Chrm       ######..     1%          3    N/A
 Summon Guardian Golem    Hex/Summ       ######..     1%          3    N/A
 Teleport Other           Tloc           ######..     1%          3    N/A
 Tukima's Dance           Hex            #####...     1%          3    N/A
 Vampiric Draining        Necr           #######...   1%          3    N/A
 Force Lance              Conj/Tloc      ########     0%          4    N/A
 Throw Icicle             Conj/Ice       ########     0%          4    N/A
 Bolt of Magma            Conj/Fire/Erth #########.   0%          5    N/A
 Airstrike                Air            ######....   1%          4    N/A
 Fulminant Prism          Conj/Hex       ########..   1%          4    N/A
 Leda's Liquefaction      Hex/Erth       ######....   1%          4    N/A
 Petrify                  Tmut/Erth      ######..     1%          4    N/A
 Summon Ice Beast         Ice/Summ       ######..     1%          4    N/A
 Bolt of Draining         Conj/Necr      #########.   1%          5    N/A
 Borgnjor's Vile Clutch   Necr/Erth      ########..   1%          5    N/A
 Irradiate                Conj/Tmut      ########..   1%          5    N/A
 Iskenderun's Battlesphe  Conj/Chrm      ########     1%          5    N/A
 Lee's Rapid Deconstruct  Erth           #######...   1%          5    N/A
 Lightning Bolt           Conj/Air       ########..   1%          5    N/A
 Venom Bolt               Conj/Pois      ########..   1%          5    N/A
 Conjure Ball Lightning   Conj/Air       ########..   1%          6    N/A
 Freezing Cloud           Conj/Ice/Air   ########..   1%          6    N/A
 Poison Arrow             Conj/Pois      ########..   1%          6    N/A
 Ring of Flames           Chrm/Fire      ########..   1%          7    N/A
 Spellforged Servitor     Conj/Summ      ########..   1%          7    N/A
 Lehudib's Crystal Spear  Conj/Erth      ########..   1%          8    N/A
 Aura of Abjuration       Summ           ######....   2%          5    N/A
 Summon Demon             Summ           ######....   2%          5    N/A
 Silence                  Hex/Air        ######....   4%          5    N/A
 Summon Forest            Summ/Tloc      ######....   4%          5    N/A
 Chain Lightning          Conj/Air       ########..   4%          8    N/A
 Cause Fear               Hex            #####.....   5%          4    N/A
 Olgreb's Toxic Radiance  Pois           #####...     5%          4    N/A
 Summon Mana Viper        Hex/Summ       ######..     6%          5    N/A
 Metabolic Englaciation   Hex/Ice        #####.....   10%         5    N/A
 Agony                    Necr           #######.     14%         5    N/A
 Alistair's Intoxication  Tmut/Pois      #####...     14%         5    N/A
 Dispel Undead            Necr           #######.     14%         5    N/A
 Yara's Violent Unravell  Hex/Tmut       #####.....   14%         5    N/A
 Shadow Creatures         Summ           N/A          14%         6    N/A
 Dispersal                Tloc           ######....   34%         6    N/A
 Ozocubu's Refrigeration  Ice            ######....   34%         6    N/A
 Simulacrum               Ice/Necr       #######...   47%         6    N/A
 Monstrous Menagerie      Summ           ######....   58%         7    N/A
 Summon Greater Demon     Summ           ######....   58%         7    N/A
 Summon Hydra             Summ           ######....   58%         7    N/A
 Death Channel            Necr           #######...   63%         6    N/A
 Invisibility             Hex            #####...     63%         6    N/A
 Malign Gateway           Summ/Tloc      ######....   77%         7    N/A
 Shatter                  Erth           #######...   77%         9    N/A
 Glaciate                 Conj/Ice       ########..   80%         9    N/A
 Haunt                    Necr/Summ      #######...   88%         7    N/A
 Summon Horrible Things   Summ           ######....   99%         8    N/A
 Controlled Blink         Tloc           N/A          100%        8    N/A
 Discord                  Hex            #####.....   100%        8    N/A
 Disjunction              Tloc           ######....   100%        8    N/A
 Infestation              Necr           #######...   100%        8    N/A
 Dragon's Call            Summ           ######....   100%        9    N/A
 Tornado                  Air            ######....   100%        9    N/A
 Beastly Appendage        Tmut           Unusable     N/A         1    N/A
 Sublimation of Blood     Necr           Unusable     N/A         2    N/A
 Regeneration             Chrm/Necr      Unusable     N/A         3    N/A
 Spider Form              Tmut/Pois      Unusable     N/A         3    N/A
 Ice Form                 Ice/Tmut       Unusable     N/A         4    N/A
 Statue Form              Tmut/Erth      Unusable     N/A         6    N/A
 Blade Hands              Tmut           Unusable     N/A         5    N/A
 Hydra Form               Tmut           Unusable     N/A         6    N/A
 Dragon Form              Tmut           Unusable     N/A         7    N/A
 Borgnjor's Revivificati  Necr           Unusable     N/A         8    N/A
 Death's Door             Chrm/Necr      Unusable     N/A         8    N/A
 Necromutation            Tmut/Necr      Unusable     N/A         8    N/A

Dungeon Overview and Level Annotations

Branches:
Dungeon (15/15)            Temple (0/1) D:7            Lair (6/6) D:8
 Shoals (4/4) Lair:2       Spider (4/4) Lair:2        Slime (5/5) Lair:5
    Orc (2/2) D:10            Elf (3/3) Orc:2        Vaults (5/5) D:13
  Crypt (3/3) Vaults:3       Tomb (3/3) Crypt:3      Depths (5/5) D:15
   Hell (1/1)                 Dis (7/7) Hell            Geh (7/7) Hell
    Coc (7/7) Hell            Tar (7/7) Hell            Zot (5/5) Depths:5

Altars:
Elyvilon
Gozag
Kikubaaqudgha
Nemelex Xobeh
Okawaru
Qazlal
Ru
Sif Muna
Uskayaw
Vehumet
Xom
Yredelemnul
Beogh
Lugonu

Shops:
D:4 [   D:5 :?[   D:8 =:   D:9 %(==[   D:15 [?   Orc:2 :([:}:[   Elf:1 =}=
Shoals:1 }   Shoals:3 =   Vaults:1 ?   Vaults:2 *   Depths:3 :[

Portals:
Hell: Depths:1 Depths:2 Depths:3 Depths:4 Depths:5
Abyss: Crypt:2 Depths:1 Depths:4
Pandemonium: Depths:3
Bazaar: Depths:3
Trove: D:13 (give +3 gold dragon scales)

Annotations:
D:2 Sigmund
Depths:2 exclusion: door


Innate Abilities, Weirdness & Mutations

You do not eat or drink.
Your flesh is vulnerable to fire.
You are immune to poison.
Your flesh is cold resistant. (rC+)
You are immune to negative energy. (rN+++)
You are immune to unholy pain and torment.
You can survive without breathing.
You are strongly in touch with the powers of death.


Message History

Confirm with . or Enter, or press ? or * to list all spells.
Aiming: Apportation (safe; 1% risk of failure)
Press: ? - help, Dir - move target cursor Apport: 2 gold pieces Yoink!
You pull the items towards yourself.
Casting: Apportation (safe; 1% risk of failure)
Confirm with . or Enter, or press ? or * to list all spells.
Aiming: Apportation (safe; 1% risk of failure)
Press: ? - help, Dir - move target cursor Apport: 2 gold pieces Yoink!
You pull the items towards yourself.
You now have 38133 gold pieces (gained 6).
(D) Dungeon (T) Temple (L) Lair (A) Shoals (N) Spider Nest (M) Slime Pits (O) Orcish Mines (E) Elven Halls (V) Vaults (C) Crypt (W) Tomb (U) Depths (H) Hell (I) Dis (G) Gehenna (X) Cocytus (Y) Tartarus (Z) Zot
Where to? (Enter - D:1 @ (x,y), ? - help)
There is a staircase leading out of the dungeon here.
You have escaped!

#.#.###.#.#..........##.......##.
#.#...#...#..........######.#.##.
#.#.#.##..##.........# ###.#.##.
..#....#..#######..### #.....###
..#.#.....# ##.# #.....###
.##.##.##.## ### #.### #........
###.##.##..###.###...## ###'#####
#.##.##..#..........#####.#
###.##.##.).#.#.@..##....##.#
..#.##.##..####...#####..##.#
###.##.##.## ##..# ##.##.#
#.##.##.# ##..## #..#.# #.##.##.#
###....## #....#
#.##.##.###.......####....# #
#.##.##..##...###..##..##.# #
#........##...# #...#..##.# #
###..#.#........###.....###.# #


There were no monsters in sight!

Vanquished Creatures
  Cerebov (Pan)
  Antaeus (Coc:7)
  Asmodeus (Geh:7)
  the Royal Jelly (Slime:5)
  Dissolution (Slime:3)
  Gloorx Vloq (Pan)
  Ereshkigal (Tar:7)
  the Serpent of Hell (Tar:7)
  Mnoleg (Pan)
  Lom Lobon (Pan)
  Dispater (Dis:7)
  Mara (Spider:4)
  Mennas (Vaults:4)
  2 ancient liches
  37 greater mummies
  Boris (Vaults:5)
  Frederick (Crypt:2)
  17 shard shrikes
  A Killer Klown (Zot:3)
  Geryon (Hell)
  Saint Roka (Elf:3)
  2 curse toes
  Nikola (Spider:2)
  A profane servitor (Crypt:3)
  9 golden dragons
  15 bone dragons
  11 doom hounds
  29 Tzitzimimeh
  3 electric golems
  8 iron giants
  33 Brimstone Fiends
  A hellephant (Zot:3)
  13 tentacled monstrosities
  15 Hell Sentinels
  15 Orb Guardians
  26 Ice Fiends
  7 deep elf blademasters
  12 pandemonium lords
  4 deep elf master archers
  Murray (Depths:5)
  14 liches
  7 quicksilver dragons
  The ghost of CLM the Severer, an adept HOFi of Ru (Shoals:1)
  10 titans
  27 acid blobs
  9 eldritch tentacles
  27 Executioners
  A death cob (Zot:3)
  11 sphinxes
  A kraken (Shoals:4)
  Kirke (D:12)
  10 tentacled starspawn
  21 ancient champions
  13 shadow dragons
  Donald (Elf:1)
  12 storm dragons
  8 draconian monks
  The ghost of mhoghedin the Fighter, an adept HaFi of Wu Jian (Spider:3)
  A daeva (D:1)
  9 tengu reavers
  Ilsuiw (Shoals:4)
  Agnes (Elf:2)
  14 fire giants
  5 revenants
  14 frost giants
  3 orc warlords
  8 ghost moths
  9 azure jellies
  A nagaraja (Zig:3)
  12 deep elf sorcerers
  5 iron dragons
  6 draconian scorchers
  A juggernaut zombie (Zig:4)
  5 emperor scorpions (Spider:4)
  4 draconian knights
  20 cacodemons
  22 vault wardens
  Aizul (Vaults:2)
  2 caustic shrike zombies
  6 curse skulls
  3 deep elf elementalists
  4 draconian stormcallers
  8 draconian shifters
  An angel (Depths:3)
  37 balrugs
  16 ironheart preservers
  6 elemental wellsprings
  10 warmongers
  4 spriggan defenders (Depths:4)
  11 draconian annihilators
  12 ghouls
  41 very ugly things
  3 blood saints
  22 war gargoyles
  99 reapers
  The ghost of RoseArtemis the Warrior, a journeyman MiFi of Okawaru (D:11)
  17 stone giants
  9 corrupters
  2 caustic shrike skeletons
  10 bennus
  13 vampire knights
  9 white draconians
  15 deep elf demonologists
  Azrael (D:15)
  5 entropy weavers
  8 black draconians
  14 deep elf annihilators
  A dire elephant (Zot:3)
  7 green draconians
  13 black suns
  11 lorocyprocas
  13 spark wasps
  10 red draconians
  A dire elephant (shapeshifter) (Vaults:2)
  10 yellow draconians
  Snorg (D:12)
  12 eidola
  6 purple draconians
  5 merfolk javelineers
  12 deep elf death magi
  4 quicksilver dragon zombies
  8 death oozes
  A crystal guardian (Vaults:5)
  16 green deaths
  14 ettins
  2 kraken zombies
  13 great orbs of eyes
  5 merfolk impalers
  5 jiangshi
  16 mummy priests
  29 blizzard demons
  Josephine (D:12)
  11 ogre magi
  8 deep elf high priests
  18 yaktaur captains
  9 fire dragons
  36 vault guards
  2 spectral krakens (Tar:7)
  36 ice dragons
  6 quicksilver dragon skeletons
  6 rakshasas
  6 monstrous demonspawn (Pan)
  Fannar (D:10)
  Harold (D:11)
  8 hell beasts
  8 ghost crabs
  10 hydras
  16 centaur warriors
  6 death knights
  3 merfolk aquamancers
  7 spriggan air magi
  8 satyrs
  A satyr (shapeshifter) (Vaults:5)
  A catoblepas (Elf:3)
  9 merfolk avatars
  3 death yaks
  14 deep troll shamans
  62 death scarabs
  37 two-headed ogres
  13 titan zombies
  5 deep troll earth magi
  7 vampire magi
  6 tengu warriors
  38 hell hogs
  4 orc high priests
  Urug (D:13)
  6 spriggan berserkers
  4 thrashing horrors
  2 shock serpents (Zig:16)
  2 naga sharpshooters (Zig:7)
  64 soul eaters
  31 deep elf knights
  58 sun demons
  10 wretched stars
  8 titan skeletons
  14 iron golems
  A salamander mystic (Depths:1)
  16 storm dragon zombies
  4 spatial maelstroms (Abyss:4)
  5 storm dragon skeletons
  12 iron trolls
  13 anaconda zombies
  34 sixfirhies
  41 large abominations
  A death drake (Tar:7)
  41 deep trolls
  31 hell knights
  5 shadow wraiths
  173 skeletal warriors
  5 torturous demonspawn (Pan)
  11 golden dragon zombies
  An unseen horror (shapeshifter) (D:15)
  3 ghost moth zombies
  7 glowing orange brains
  9 wizards
  6 unseen horrors
  4 kraken simulacra (Coc:7)
  16 sea snakes
  21 deep elf archers
  10 gelid demonspawn
  A spark wasp zombie (Zig:15)
  11 anaconda skeletons
  6 infernal demonspawn (Pan)
  21 ironbrand convokers
  43 shadow demons
  20 flayed ghosts
  A harpy (shapeshifter) (Vaults:1)
  11 starcursed masses
  13 shadow dragon zombies
  40 wolf spiders
  A shambling mangrove (Zig:6)
  6 golden dragon skeletons
  3 orb spiders (shapeshifter)
  20 harpies
  A swamp dragon (Zig:6)
  11 wolf spider zombies
  15 necromancers
  76 deep elf magi
  20 orc knights
  44 phantasmal warriors
  11 oklob plants
  2 mana vipers (shapeshifter)
  10 fire giant zombies
  9 orc sorcerers
  9 iron dragon zombies
  7 frost giant zombies
  10 orb spiders
  43 ugly things
  19 stone giant zombies
  A sphinx skeleton (Vaults:1)
  5 shining eyes
  10 cyclopes
  22 fauns
  A salamander (shapeshifter) (Vaults:5)
  6 shadow dragon skeletons
  5 iron dragon skeletons
  18 manticores
  A faun (shapeshifter) (Depths:3)
  9 merfolk sirens
  17 moths of wrath
  A guardian serpent (Abyss:4)
  14 fire giant skeletons
  3 salamanders (Depths:1)
  52 rust devils
  2 ice statues
  Joseph (D:8)
  18 elephants
  21 vault sentinels
  7 stone giant skeletons
  5 dire elephant zombies
  7 storm dragon simulacra
  A water nymph (shapeshifter) (Elf:3)
  5 titan simulacra
  12 frost giant skeletons
  An elephant (shapeshifter) (Depths:3)
  2 shock serpent zombies
  4 water nymphs
  3 eyes of devastation
  43 smoke demons
  An apocalypse crab (Abyss:4)
  2 black mambas
  4 torpor snails
  6 molten gargoyles (Geh:7)
  3 catoblepas zombies
  11 spiny frogs
  A gargoyle (D:10)
  3 rime drakes
  7 spectral swamp worms (Tar:7)
  4 anaconda simulacra
  A spiny frog (shapeshifter) (Vaults:3)
  47 hellions
  A yaktaur zombie (Hell)
  11 efreet
  27 orange demons
  3 centaur skeletons
  7 dire elephant skeletons
  26 demonic crawlers
  11 komodo dragons
  53 freezing wraiths
  19 hellwings
  5 emperor scorpion zombies
  71 tormentors
  45 yaktaurs
  57 ice devils
  37 guardian mummies
  3 iron troll zombies (Dis:2)
  6 ancient zymes
  19 hydra zombies
  6 harpy zombies
  2 silent spectres
  62 red devils
  2 catoblepas skeletons
  2 tengu conjurers
  23 trolls
  3 meliai (Spider:2)
  2 iron troll skeletons (Dis:2)
  2 tyrant leeches (Zig:6)
  A hornet (shapeshifter) (D:12)
  A queen bee (Spider:2)
  Grinder (D:5)
  17 merfolk
  A shadow dragon simulacrum (Coc:7)
  17 hornets
  6 wind drakes
  5 polar bears
  4 harpy skeletons
  37 jumping spiders
  8 bog bodies
  4 fire dragon zombies
  15 raiju
  26 dream sheep
  16 ice dragon zombies
  A wolf spider simulacrum (Crypt:1)
  12 hippogriffs
  12 hydra skeletons
  8 snapping turtles
  A centaur simulacrum (D:14)
  7 ettin zombies
  A dream sheep (shapeshifter) (Vaults:1)
  4 alligator zombies
  5 ice dragon skeletons
  93 flying skulls
  19 blink frogs
  113 slime creatures
  3 fire giant simulacra
  4 black mamba zombies
  5 air elementals
  29 tarantellas
  2 alligator skeletons
  41 shadows
  8 ettin skeletons
  7 elf zombies
  A spriggan (shapeshifter) (Depths:4)
  3 spriggans
  8 fire dragon skeletons
  A tarantella (shapeshifter) (D:15)
  20 ushabtiu
  2 vampires
  32 water elementals
  43 wraiths
  7 hogs
  75 redbacks
  12 small abominations
  34 ynoxinuls
  26 fire elementals
  6 wyverns
  13 yaks
  22 humans
  10 golden eyes (Slime:1)
  5 basilisks
  A human simulacrum (Vaults:2)
  Grum (D:8)
  An ogre zombie (Vaults:1)
  34 chaos spawn
  36 neqoxecs
  12 hungry ghosts
  3 vampire mosquitoes (D:14)
  6 insubstantial wisps
  3 wargs
  3 spatial vortices
  A torturous demonspawn zombie (Crypt:2)
  7 acid dragons
  9 hydra simulacra
  11 water moccasins
  A gelid demonspawn skeleton (Tar:3)
  11 porcupines
  10 spiny frog zombies
  92 hell hounds
  A floating eye (Depths:4)
  A deep troll skeleton (Crypt:1)
  A hornet zombie (D:12)
  9 snapping turtle zombies
  Purgy (Sewer)
  13 ice beasts
  2 merfolk skeletons (Tar:6)
  45 necrophages
  3 manticore zombies
  60 orc warriors
  6 sky beasts
  The ghost of SpeedyPerson7 the Covered, an amateur DDFi (D:4)
  13 phantoms
  2 swamp dragon zombies
  An ettin simulacrum (Tomb:2)
  9 eyes of draining
  36 ogres
  8 spiny frog skeletons
  A blink frog zombie (Crypt:1)
  2 tengu (shapeshifter)
  A black mamba simulacrum (Abyss:2)
  14 boggarts
  An eye of draining (shapeshifter) (Vaults:4)
  An alligator simulacrum (Hell)
  24 centaurs
  6 snapping turtle skeletons
  2 manticore skeletons
  4 wolves (D:8)
  16 crocodiles
  4 big kobolds
  14 bullfrogs
  A gnoll sergeant (D:9)
  A glowing shapeshifter simulacrum (Vaults:1)
  A cyclops zombie (Crypt:2)
  An earth elemental (Elf:3)
  A spiny frog simulacrum (Tomb:3)
  A water moccasin zombie (D:9)
  An ogre simulacrum (Vaults:1)
  8 wyvern skeletons
  7 spriggan zombies
  17 killer bees
  5 scorpions
  3 tengu zombies
  A troll skeleton (Tar:2)
  113 wights
  5 electric eels
  17 crimson imps
  A lava snake (Lair:2)
  3 centaur zombies
  2 hounds
  4 quasits
  2 bullfrog zombies
  3 human zombies
  18 jellies
  41 orc priests
  31 orc wizards
  A bullfrog skeleton (D:11)
  3 iguanas
  43 iron imps
  Jessica (D:2)
  A gnoll shaman (D:6)
  4 human skeletons
  13 hell rats
  A lightning spire (Zig:8)
  4 worker ants
  A demigod zombie (Crypt:1)
  A tengu skeleton (Coc:6)
  3 hound zombies
  2 hound skeletons
  60 mummies
  A worker ant zombie (Crypt:2)
  Robin (D:1)
  12 gnolls
  13 adders
  7 river rats (D:7)
  24 shadow imps
  23 white imps
  7 ufetubi
  19 oozes
  An iguana skeleton (Crypt:1)
  6 worms
  3 ball lightnings (Pan)
  2 dart slugs
  7 leopard geckos
  165 orcs
  8 ball pythons
  7 bats
  7 giant cockroaches
  22 goblins
  8 hobgoblins
  16 jackals
  31 kobolds
  11 quokkas
  A ball python skeleton (D:4)
  9 frilled lizards
  A frilled lizard skeleton (Crypt:2)
  A giant cockroach zombie (Crypt:1)
  A goblin skeleton (Crypt:1)
  A jackal zombie (D:6)
  A kobold skeleton (Coc:6)
  A kobold zombie (Dis:1)
  3 leopard gecko skeletons
  A leopard gecko zombie (Crypt:2)
  2 orc skeletons
  An orc zombie (Coc:6)
  27 rats
  A river rat skeleton (Crypt:2)
  6 fire vortices
  A fungus (Lair:6)
  A lurking horror (Abyss:4)
  10 plants
  2 starspawn tentacles
  9 tentacles
  3 withered plants (Crypt:3)
5962 creatures vanquished.

Vanquished Creatures (collateral kills)
  2 greater mummies (Tomb:1)
  A golden dragon (Zot:3)
  2 Tzitzimimeh (Tar:6)
  An iron giant (Dis:7)
  A doom hound (Tar:5)
  A tentacled monstrosity (Zot:5)
  4 Orb Guardians (Zot:5)
  A shadow dragon (Tar:6)
  A draconian shifter (Zot:5)
  A green draconian (Zot:3)
  2 stone giants (Zot:1)
  A yellow draconian (Zot:3)
  2 black draconians
  2 purple draconians
  A deep elf annihilator (Vaults:3)
  A red draconian (Zot:5)
  3 death scarabs (Tomb:3)
  2 two-headed ogres (Zot:1)
  A hell hog (Dis:6)
  A titan zombie (Zig:15)
  A skeletal warrior (Zig:15)
  An iron troll (Zot:1)
  A spark wasp zombie (Zig:11)
  An ironbrand convoker (Vaults:3)
  A deep elf mage (Zig:13)
  An ugly thing (D:13)
  2 iron dragon skeletons
  A moth of wrath (Zot:1)
  2 vault sentinels
  An orange demon (Pan)
  An efreet (Zot:1)
  An ice devil (Depths:5)
  A red devil (Zot:5)
  2 tormentors (Tar:6)
  A harpy zombie (Dis:6)
  3 raiju (Zig:16)
  An alligator zombie (Tar:3)
  An air elemental (Zig:16)
  A large abomination (Pan)
  An ice beast (Coc:2)
  2 ogres
  A necrophage (Tar:7)
  4 wights
  A mummy (Tomb:3)
  A shadow imp (Tar:7)
  A lurking horror (Abyss:4)
66 creatures vanquished.

Vanquished Creatures (others)
  An orb of fire (Zot:5)
  An ancient lich (Zot:5)
  2 Killer Klowns (Zot:3)
  An iron giant (Dis:7)
  A titan (Zot:1)
  3 Orb Guardians (Zot:5)
  A death cob (Zot:5)
  2 eldritch tentacles
  A shadow dragon (Zot:3)
  2 fire giants
  A draconian scorcher (Zot:5)
  A draconian shifter (Zot:3)
  A draconian annihilator (Zot:5)
  A very ugly thing (Zot:3)
  A stone giant (Zot:1)
  A black draconian (Zot:5)
  A dire elephant (Zot:3)
  5 red draconians
  2 yellow draconians
  4 purple draconians
  3 white draconians (Zot:3)
  An ettin (Zot:1)
  2 centaur warriors
  38 dancing weapons
  4 two-headed ogres (Zot:1)
  3 hell hogs
  A sixfirhy (Zot:5)
  An iron troll (Zot:1)
  A deep troll (Zot:1)
  2 wizards (Pan)
  A shadow dragon zombie (Dis:2)
  A deep elf mage (Elf:3)
  4 moths of wrath
  A rust devil (Dis:2)
  A yaktaur (Vaults:1)
  2 tormentors (Dis:2)
  A merfolk (Shoals:4)
  An alligator zombie (Coc:6)
  A bog body (Coc:7)
  An insubstantial wisp (Zig:16)
  4 humans
  An ogre (Zot:1)
  A bullfrog (D:6)
  A spiny frog simulacrum (Hell)
  An orc wizard (D:6)
  3 mummies
  2 ball lightnings (Pan)
  An orc (Vaults:4)
  A kobold (D:14)
  An orc zombie (Geh:3)
  A demonic plant (Pan)
  520 fire vortices
  27 fungi
  A lurking horror (Abyss:2)
  107 plants
  15 starspawn tentacles
  22 tentacles
  18 withered plants (Crypt:3)
830 creatures vanquished.

Grand Total: 6858 creatures vanquished

Notes
Turn   | Place    | Note
-------+----------+-------------------------------------------
     0 | D:1      | asdu the Mummy Fire Elementalist began the quest for the
                  | Orb.
     0 | D:1      | Reached XP level 1. HP: 13/13 MP: 4/4
    70 | D:1      | Reached skill level 1 in Conjurations
   301 | D:1      | Reached XP level 2. HP: 19/19 MP: 2/5
   407 | D:1      | Learned a level 2 spell: Throw Flame
  1294 | D:1      | Reached XP level 3. HP: 20/24 MP: 1/7
  1343 | D:2      | Noticed Jessica
  1353 | D:2      | Found an opulent altar of Gozag.
  1359 | D:2      | Became a worshipper of Gozag Ym Sagoz the Greedy
  1570 | D:2      | Noticed Robin
  1861 | D:1      | Learned a level 3 spell: Conjure Flame
  2074 | D:1      | Killed Robin
  2240 | D:2      | Reached XP level 4. HP: 30/30 MP: 3/8
  2805 | D:2      | Noticed Sigmund
  3140 | D:2      | Killed Jessica
  3183 | D:3      | Reached XP level 5. HP: 35/35 MP: 0/9
  4266 | D:4      | Found Sazicuck's Antique Armour Boutique.
  4266 | D:4      | Noticed SpeedyPerson7's ghost (amateur DDFi)
  4274 | D:4      | Killed SpeedyPerson7's ghost
  4274 | D:4      | Reached XP level 6. HP: 36/41 MP: 3/10
  4321 | D:4      | Bought a glowing buckler for 165 gold pieces
  4505 | D:4      | Learned a level 4 spell: Sticky Flame
  4817 | D:4      | Found a deep blue altar of Sif Muna.
  5274 | D:4      | Reached skill level 1 in Shields
  5848 | D:4      | Found a sparkling altar of Nemelex Xobeh.
  5992 | D:4      | Reached XP level 7. HP: 46/46 MP: 5/12
  6239 | D:5      | Entered Level 5 of the Dungeon
  6388 | D:5      | Noticed Grinder
  6560 | D:5      | Reached skill level 1 in Fighting
  6862 | D:5      | Reached skill level 5 in Conjurations
  6894 | D:5      | Found a stormy altar of Qazlal.
  7066 | D:5      | Found Hiugrugi's Magic Scroll Shop.
  7075 | D:5      | Bought a scroll of identify for 20 gold pieces
  7312 | D:5      | Reached skill level 5 in Fire Magic
  7312 | D:5      | Reached XP level 8. HP: 50/57 MP: 6/14
  7426 | D:5      | Killed Grinder
  7466 | D:5      | Learned a level 5 spell: Fireball
  8128 | D:6      | Found a glowing drain.
  8195 | Sewer    | Entered a sewer
  8316 | Sewer    | Noticed Purgy
  8322 | Sewer    | Killed Purgy
  8768 | D:6      | Found a shimmering altar of Xom.
  9044 | D:6      | Found a radiant altar of Vehumet.
  9063 | D:6      | Found a hide-covered altar of Uskayaw.
  9451 | D:7      | Noticed a hippogriff
  9458 | D:7      | Killed a hippogriff
  9458 | D:7      | Reached XP level 9. HP: 64/64 MP: 1/15
 10200 | D:7      | Found a staircase to the Ecumenical Temple.
 10225 | D:7      | Reached skill level 5 in Spellcasting
 10460 | D:7      | Found an ancient bone altar of Kikubaaqudgha.
 11702 | D:8      | Found Zaahexoh's Book Emporium.
 11710 | D:8      | Noticed Joseph
 11732 | D:8      | Killed Joseph
 11732 | D:8      | Reached XP level 10. HP: 8/72 MP: 8/19
 11771 | D:8      | Bought Temiylut's Disquisition on Burning Augmentations for
                  | 945 gold pieces
 11923 | D:8      | Found a flagged portal.
 12018 | Bailey   | Entered a bailey
 12553 | Bailey   | Noticed an orc knight
 12565 | Bailey   | Killed an orc knight
 12662 | Bailey   | Noticed an orc knight
 12663 | Bailey   | Noticed an orc knight
 12664 | Bailey   | Noticed an orc knight
 12937 | D:8      | Found a staircase to the Lair.
 12955 | D:8      | Found a white marble altar of Elyvilon.
 12962 | D:8      | Found an iron altar of Okawaru.
 12963 | D:8      | Found a sacrificial altar of Ru.
 12963 | D:8      | Found an ancient bone altar of Kikubaaqudgha.
 13007 | D:8      | Found Kietwam's Jewellery Emporium.
 13423 | D:8      | Noticed Grum
 13437 | D:8      | Killed Grum
 14247 | D:9      | Found Zuiguoc's Jewellery Shop.
 14351 | D:9      | Found Faliol's Food Emporium.
 14361 | D:9      | You fall through a shaft for 2 floors!
 14575 | D:11     | Noticed RoseArtemis's ghost (journeyman MiFi)
 14781 | D:10     | Entered Level 10 of the Dungeon
 14786 | D:10     | Noticed a gargoyle
 14829 | D:11     | Learned a level 6 spell: Bolt of Fire
 15165 | D:10     | Noticed Fannar
 15196 | D:11     | Reached XP level 11. HP: 65/78 MP: 22/22
 15389 | D:11     | Noticed a two-headed ogre
 15408 | D:11     | Killed a two-headed ogre
 15600 | D:11     | Noticed Harold
 15663 | D:11     | Killed Harold
 15828 | D:11     | Noticed a two-headed ogre
 15864 | D:11     | Killed a two-headed ogre
 15864 | D:11     | Reached skill level 5 in Dodging
 16258 | D:10     | Found a staircase to the Orcish Mines.
 16438 | D:9      | Found Icaecy's Weapon Emporium.
 16614 | D:9      | Found Soun's Jewellery Emporium.
 16671 | D:9      | Found Jywkorar's Armour Shop.
 17267 | D:10     | Killed Fannar
 17828 | D:10     | You fall through a shaft!
 18209 | D:11     | Learned a level 4 spell: Iskenderun's Mystic Blast
 18636 | D:11     | Killed RoseArtemis's ghost
 19123 | D:12     | Noticed a five-headed hydra
 19143 | D:12     | Killed a five-headed hydra
 19143 | D:12     | Reached XP level 12. HP: 46/85 MP: 9/25
 19396 | D:12     | Noticed a centaur warrior
 19405 | D:12     | Killed a centaur warrior
 19753 | D:12     | Noticed Snorg
 20302 | D:11     | Learned a level 3 spell: Ozocubu's Armour
 20444 | D:13     | Found a gate to the Vaults.
 20444 | D:13     | Noticed a centaur warrior
 20444 | D:13     | Noticed Urug
 20444 | D:13     | Noticed a centaur warrior
 20444 | D:13     | Noticed a two-headed ogre
 20763 | D:12     | Noticed a centaur warrior
 20772 | D:12     | Killed a centaur warrior
 20772 | D:12     | Reached skill level 10 in Conjurations
 20876 | Lair:1   | Entered Level 1 of the Lair of Beasts
 20992 | D:9      | Bought a +0 pair of boots for 63 gold pieces
 20992 | D:9      | Bought the +2 helmet "Wirosoin" {rF+ rN+ Str+3 Dex+2} for
                  | 604 gold pieces
 21304 | Lair:1   | Reached skill level 1 in Charms
 21304 | Lair:1   | Reached skill level 1 in Ice Magic
 21762 | Lair:1   | Reached skill level 10 in Fire Magic
 22005 | Lair:1   | Reached skill level 10 in Spellcasting
 22164 | Lair:2   | Noticed an eight-headed hydra
 22346 | Lair:2   | Killed an eight-headed hydra
 23146 | Lair:2   | Found a hole to the Spider Nest.
 23435 | Lair:2   | Found a staircase to the Shoals.
 23579 | Lair:2   | Noticed a death yak
 24262 | Lair:2   | Killed a death yak
 24262 | Lair:2   | Gained mutation: You are in touch with the powers of death.
                  | [Mummy growth]
 24262 | Lair:2   | Reached XP level 13. HP: 85/90 MP: 6/27
 24953 | Lair:3   | Reached skill level 5 in Fighting
 26250 | Lair:4   | Identified the +5 ring mail of the Bard {Str+3 Dex+3} (You
                  | found it on level 4 of the Lair of Beasts)
 26862 | Lair:4   | Reached skill level 1 in Evocations
 27766 | Lair:5   | Learned a level 1 spell: Summon Butterflies
 28360 | Lair:5   | Identified the +4 ring mail of Fedhas's Hope {rCorr Str+4
                  | Dex+2} (You found it on level 5 of the Lair of Beasts)
 28431 | Lair:5   | Found a staircase to the Slime Pits.
 29617 | Lair:6   | Entered Level 6 of the Lair of Beasts
 30326 | Lair:6   | Reached XP level 14. HP: 104/104 MP: 15/28
 30988 | Lair:6   | Reached skill level 5 in Evocations
 31563 | Lair:6   | Identified 4 scrolls of acquirement
 32268 | Lair:6   | Identified the +1 robe "Ollyhoop" {rPois rF- rCorr Str+2
                  | Dex+6} (You found it on level 6 of the Lair of Beasts)
 32994 | Lair:4   | Got a pitted granite ring
 32998 | Lair:4   | Identified the ring "Neerphug" {+Fly rPois rF+ MR- Str+5}
                  | (You found it on level 4 of the Lair of Beasts)
 33336 | D:12     | Killed Snorg
 33707 | D:12     | Noticed Kirke
 33880 | D:12     | Killed Kirke
 34038 | D:13     | Noticed Josephine
 34042 | D:12     | Killed Josephine
 34616 | D:13     | Killed Urug
 35989 | D:13     | Found a portal to a secret trove of treasure.
 36759 | D:13     | Reached XP level 15. HP: 105/112 MP: 2/31
 38723 | D:15     | Entered Level 15 of the Dungeon
 39845 | D:15     | Noticed Azrael
 40257 | Orc:1    | Entered Level 1 of the Orcish Mines
 40257 | Orc:1    | Noticed an orc warlord
 40266 | Orc:1    | Killed an orc warlord
 41191 | Orc:2    | Entered Level 2 of the Orcish Mines
 41223 | Orc:2    | Found Pooth's Book Boutique.
 41635 | Orc:2    | Found a staircase to the Elven Halls.
 43085 | Orc:2    | Found Heudd's Book Shoppe.
 43349 | Orc:2    | Found a roughly hewn altar of Beogh.
 43356 | Orc:2    | Found Cacaalo's Book Boutique.
 43454 | Orc:2    | Found Iluotil's Gadget Shoppe.
 43458 | Orc:2    | Found a roughly hewn altar of Beogh.
 43461 | Orc:2    | Found Jarrogimp's Armour Shoppe.
 44164 | Orc:2    | Noticed an orc warlord
 44189 | Orc:2    | Killed an orc warlord
 44350 | Orc:2    | Found Xuinioxt's Antique Weapon Emporium.
 44356 | Orc:2    | Found a roughly hewn altar of Beogh.
 44356 | Orc:2    | Found Miuppoyc's Antique Armour Shoppe.
 44429 | Orc:2    | Found a roughly hewn altar of Beogh.
 44692 | Orc:2    | Bought a book of Power for 675 gold pieces
 44700 | Orc:2    | Learned a level 7 spell: Orb of Destruction
 44864 | Orc:1    | Upgraded the game from 0.22-a0-254-gaf95ca0 to
                  | 0.22-a0-259-gdd11e71
 45064 | Spider:1 | Entered Level 1 of the Spider Nest
 45393 | Lair:2   | Found a hole to the Spider Nest.
 45504 | Lair:2   | Reached skill level 1 in Armour
 47047 | Spider:2 | Reached XP level 16. HP: 87/121 MP: 20/33
 47799 | Spider:2 | Reached skill level 10 in Fighting
 48095 | Spider:2 | Noticed Nikola
 48224 | Shoals:1 | Entered Level 1 of the Shoals
 48603 | Shoals:1 | Noticed CLM's ghost (adept HOFi)
 48615 | Shoals:1 | Killed CLM's ghost
 49016 | Shoals:1 | Found Maxtap's Gadget Shop.
 49853 | Orc:2    | Bought an embroidered scarf for 320 gold pieces
 51250 | Shoals:2 | Reached skill level 10 in Dodging
 51999 | Shoals:3 | Found Xisk's Jewellery Shoppe.
 52715 | Shoals:4 | Entered Level 4 of the Shoals
 53397 | Shoals:3 | Reached XP level 17. HP: 18/131 MP: 22/35
 54005 | Shoals:4 | Noticed Ilsuiw
 54018 | Shoals:4 | Killed Ilsuiw
 54839 | Shoals:4 | Got a bloodstained trident {pierce}
 54842 | Shoals:4 | Identified the +8 trident "Orb Guardian's Bane" {pierce,
                  | *Contam MR+ MP+9} (You took it off a merfolk siren on level
                  | 4 of the Shoals)
 54981 | Shoals:4 | Reached skill level 15 in Spellcasting
 55441 | Shoals:4 | Noticed a kraken
 55451 | Shoals:4 | Killed a kraken
 55451 | Shoals:4 | Reached skill level 1 in Summonings
 55646 | Shoals:4 | Got a barnacled rune of Zot
 56216 | Vaults:1 | Entered Level 1 of the Vaults
 56859 | Vaults:1 | Learned a level 4 spell: Summon Lightning Spire
 57065 | Vaults:1 | Reached skill level 1 in Air Magic
 57252 | Vaults:1 | Noticed an Ice Fiend
 57253 | Vaults:1 | Noticed a Brimstone Fiend
 57255 | Vaults:1 | Noticed a Tzitzimitl
 58407 | Vaults:1 | Reached XP level 18. HP: 137/140 MP: 0/37
 59707 | Vaults:1 | Found Acumneah's Magic Scroll Boutique.
 59988 | Vaults:1 | Bought a scroll of teleportation for 54 gold pieces
 59988 | Vaults:1 | Bought a scroll of fear for 63 gold pieces
 60031 | Vaults:2 | Found Wituv's General Store.
 60113 | Vaults:2 | Reached skill level 15 in Conjurations
 60191 | Vaults:2 | Bought the +2 pair of boots "Reff" {rF+} for 342 gold
                  | pieces
 60336 | Vaults:2 | Identified the +8 plate armour "Fiqov" {Str+4} (You found
                  | it on level 2 of the Vaults)
 61426 | Vaults:2 | Noticed Aizul
 61536 | Vaults:2 | Killed Aizul
 62586 | Vaults:3 | Found a staircase to the Crypt.
 63025 | Vaults:3 | Reached XP level 19. HP: 146/146 MP: 25/38
 65257 | Vaults:3 | Found the +2 pair of boots of the Assassin {Detection Stab+
                  | Stlth++}
 65630 | Vaults:4 | Noticed Mennas
 66804 | Elf:1    | Entered Level 1 of the Elven Halls
 67057 | Elf:1    | Identified the +2 hand axe of Karma {holy, Dex+4} (You
                  | found it on level 1 of the Elven Halls)
 67465 | Elf:1    | Found Teoxzoplasch's Jewellery Boutique.
 67467 | Elf:1    | Found Fuesei's Gadget Shoppe.
 67468 | Elf:1    | Found Rocuckot's Jewellery Boutique.
 67498 | Elf:1    | Bought the ring of the Disturbing Allies {rElec rPois rC+
                  | Stlth-} for 392 gold pieces
 67687 | Elf:1    | Noticed Donald
 67696 | Elf:1    | Killed Donald
 67817 | Elf:1    | Reached skill level 10 in Evocations
 68440 | Elf:2    | Found a runed gate.
 68440 | Elf:2    | Found a runed gate.
 68441 | Elf:2    | Found a runed gate.
 68449 | Elf:2    | Noticed Agnes
 68453 | Elf:2    | Killed Agnes
 68688 | Elf:2    | Reached XP level 20. HP: 130/153 MP: 28/39
 69638 | Elf:3    | Entered Level 3 of the Elven Halls
 71635 | Elf:3    | Identified the cursed +1 mace of the Magi {protect, rPois
                  | Int+3} (You took it off a deep elf mage on level 3 of the
                  | Elven Halls)
 71941 | Elf:3    | Identified the +4 mace "Ulesa" {elec, *Noise Str+4 Dex+6
                  | SInv} (You took it off a deep elf annihilator on level 3 of
                  | the Elven Halls)
 71976 | Elf:3    | Noticed Saint Roka
 72462 | Elf:3    | Killed Saint Roka
 72463 | Elf:3    | Reached skill level 15 in Fire Magic
 72998 | Elf:3    | Identified the +9 war axe "Toluttou" {chop, rPois Str+2
                  | Dex+2} (You took it off a deep elf demonologist on level 3
                  | of the Elven Halls)
 73348 | Elf:3    | Identified the +10 hunting sling "Dragonslayer" {speed,
                  | rPois rF- rN+} (You took it off an orc warrior on level 3
                  | of the Elven Halls)
 73365 | Elf:3    | Learned a level 2 spell: Blink
 73389 | Elf:3    | Identified the Papyrus of Enchanting Venom
 73436 | Elf:3    | Identified Kikubaaqudgha's Reference Book on Black Rituals
 73461 | Elf:3    | Identified the Disquisition on Captivating Flames
 74159 | Spider:2 | Killed Nikola
 74159 | Spider:2 | Reached skill level 1 in Translocations
 74721 | Spider:3 | Reached XP level 21. HP: 145/159 MP: 21/41
 75049 | Spider:3 | Upgraded the game from 0.22-a0-259-gdd11e71 to
                  | 0.22-a0-265-g0d8bc90
 75681 | Spider:3 | Noticed mhoghedin's ghost (adept HaFi)
 75686 | Spider:3 | Killed mhoghedin's ghost
 75827 | Spider:3 | Identified the +3 hand crossbow of Instinct {penet, rPois}
                  | (You found it on level 3 of the Spider Nest)
 76276 | Spider:4 | Entered Level 4 of the Spider Nest
 76329 | Spider:4 | Noticed Mara
 77020 | Spider:4 | Killed Mara
 79200 | Spider:4 | Got a gossamer rune of Zot
 79615 | D:5      | Bought a scroll of enchant weapon for 75 gold pieces
 79627 | D:5      | Bought a +1 buckler of protection for 313 gold pieces
 80011 | D:15     | Killed Azrael
 80192 | D:15     | Learned a level 8 spell: Ignition
 80323 | D:15     | Found a staircase to the Depths.
 80431 | Depths:1 | Entered Level 1 of the Depths
 80993 | Depths:1 | Found a gateway to Hell.
 81330 | Depths:1 | Found a one-way gate to the infinite horrors of the Abyss.
 82354 | Depths:2 | Reached XP level 22. HP: 165/165 MP: 30/42
 83687 | Depths:3 | Found a gateway to a bazaar.
 83766 | Depths:3 | Found a sparkling altar of Nemelex Xobeh.
 83838 | Depths:3 | Found a gateway to a ziggurat.
 83950 | Depths:3 | Found Arephox's Antique Armour Emporium.
 84438 | Depths:3 | Found a one-way gate leading to the halls of Pandemonium.
 84643 | Depths:3 | Found Giet's Book Shop.
 84819 | Depths:3 | Learned a level 1 spell: Apportation
 85147 | Depths:3 | Identified the cursed +1 ring mail of Gozag's Scorn {+Fly
                  | Str+3} (You found it on level 3 of the Depths)
 87305 | Depths:4 | Reached XP level 23. HP: 171/171 MP: 21/43
 88741 | D:5      | Bought a scroll of enchant weapon for 75 gold pieces
 89159 | Depths:5 | Entered Level 5 of the Depths
 90760 | Depths:5 | Found a gate to the Realm of Zot.
 91559 | Crypt:1  | Entered Level 1 of the Crypt
 92345 | Crypt:1  | Identified the +6 scale mail of Valiance {SInv} (You found
                  | it on level 1 of the Crypt)
 92434 | Crypt:1  | Got a scorched wooden ring
 92435 | Crypt:1  | Identified the ring of Joomal {Fire -Tele rN+++ Stlth+}
                  | (You found it on level 1 of the Crypt)
 92647 | Crypt:1  | Reached XP level 24. HP: 178/178 MP: 33/45
 93087 | Crypt:2  | Noticed Frederick
 93111 | Crypt:2  | Killed Frederick
 93577 | Crypt:2  | Found an ancient bone altar of Kikubaaqudgha.
 93833 | Crypt:2  | Found a corrupted altar of Lugonu.
 93892 | Crypt:3  | Entered Level 3 of the Crypt
 94694 | Crypt:3  | Noticed a greater mummy
 94699 | Crypt:3  | Killed a greater mummy
 94722 | Crypt:3  | Found a staircase to the Tomb.
 94852 | Crypt:3  | Found the +10 zealot's sword {holy, *Rage rN+ EV+3}
 95815 | Crypt:3  | Got a faintly glowing pewter ring
 95817 | Crypt:3  | Identified the ring of Jujolagi {*Contam rPois rF+++ MP+9
                  | Str+7} (You took it off a death knight on level 3 of the
                  | Crypt)
 96216 | Crypt:3  | Found a basalt altar of Yredelemnul.
 96870 | Tomb:1   | Entered Level 1 of the Tomb of the Ancients
 97670 | Tomb:1   | Noticed a greater mummy
 97882 | Tomb:1   | Killed a greater mummy
 97947 | Tomb:1   | Reached XP level 25. HP: 184/184 MP: 30/46
 97978 | Tomb:1   | Noticed a greater mummy
 97985 | Tomb:1   | Killed a greater mummy
 98133 | Tomb:1   | Noticed a greater mummy
 98283 | Tomb:1   | Killed a greater mummy
100048 | Orc:2    | Bought a book of Annihilations for 1656 gold pieces
100058 | Orc:2    | Learned a level 9 spell: Fire Storm
100297 | Slime:1  | Entered Level 1 of the Pits of Slime
101977 | Slime:4  | Noticed Dissolution
101985 | Slime:3  | Killed Dissolution
102842 | Slime:5  | Entered Level 5 of the Pits of Slime
103117 | Slime:5  | Noticed the Royal Jelly
103410 | Slime:5  | Killed the Royal Jelly
103521 | Slime:5  | Got a slimy rune of Zot
103565 | Slime:5  | Identified the Papyrus of Creation and Battle Magic
103588 | Slime:5  | Identified the ring of the Cast Vote {*Corrode MR++ Str+6
                  | Int+3} (You found it on level 5 of the Pits of Slime)
103601 | Slime:5  | Got a twitching golden ring
103611 | Slime:5  | Identified the amulet of Goal {Inacc rElec rPois rC-} (You
                  | found it on level 5 of the Pits of Slime)
103625 | Slime:5  | Identified the ring "Ymaolem" {+Blink rC+} (You found it on
                  | level 5 of the Pits of Slime)
104306 | D:15     | Bought a pair of crude gloves for 323 gold pieces
104306 | D:15     | Bought a warped robe for 193 gold pieces
104306 | D:15     | Identified the +1 pair of gloves "Borethum" {rCorr MP+9
                  | Str+4} (You bought it in a shop on level 15 of the Dungeon)
104320 | D:15     | Identified the +2 robe of Awe {Dex+5} (You bought it in a
                  | shop on level 15 of the Dungeon)
104346 | D:15     | Bought the +3 warlock's mirror {reflect} for 1360 gold
                  | pieces
104346 | D:15     | Bought a dazzling leather armour for 238 gold pieces
104346 | D:15     | Found the +3 warlock's mirror {reflect}
104346 | D:15     | Identified the cursed +0 leather armour "Cuwkenez" {rPois}
                  | (You bought it in a shop on level 15 of the Dungeon)
104392 | D:15     | Bought a scroll of blinking for 135 gold pieces
104392 | D:15     | Bought a scroll of magic mapping for 63 gold pieces
104472 | D:15     | Bought a glowing troll leather armour for 612 gold pieces
104494 | D:15     | Bought a shiny buckler for 255 gold pieces
105152 | Vaults:4 | Gained mutation: You are strongly in touch with the powers
                  | of death. [Mummy growth]
105152 | Vaults:4 | Reached XP level 26. HP: 191/191 MP: 48/48
105287 | Vaults:4 | Killed Mennas
105391 | Vaults:4 | Found a roughly hewn altar of Beogh.
105620 | Vaults:5 | Entered Level 5 of the Vaults
106001 | Vaults:5 | Found the +3 pair of gauntlets of War {Slay+5}
106590 | Vaults:5 | Noticed an ancient lich
106597 | Vaults:5 | Killed an ancient lich
106761 | Vaults:5 | Got a silver rune of Zot
106791 | Vaults:5 | Noticed Boris
106796 | Vaults:5 | Killed Boris
107333 | Vaults:5 | Identified the Catalogue of Weightlessness
107338 | Vaults:5 | Learned a level 2 spell: Swiftness
107368 | Vaults:5 | Reached XP level 27. HP: 197/197 MP: 17/49
107754 | Vaults:5 | Got a shimmering emerald amulet
108017 | Vaults:5 | Identified the amulet "Wappau Gole" {+Rage rElec rN+ MR-
                  | Int+6} (You took it off a deep elf high priest on level 5
                  | of the Vaults)
108241 | Vaults:5 | Identified Sif Muna's Tome of Stolen Souls and
                  | Translocation
108935 | D:13     | Upgraded the game from 0.22-a0-265-g0d8bc90 to
                  | 0.22-a0-266-g5fdf0d7
109177 | Hell     | Entered the Vestibule of Hell
109177 | Hell     | Noticed Murray
109177 | Hell     | Noticed Geryon
109197 | Depths:5 | Killed Murray
109354 | Hell     | Killed Geryon
109484 | Depths:5 | Reached skill level 15 in Dodging
110490 | Hell     | Found a gateway to the ashen valley of Gehenna.
110543 | Hell     | Found a gateway to the Iron City of Dis.
110607 | Hell     | Found a gateway to the freezing wastes of Cocytus.
110658 | Hell     | Found a gateway to the decaying netherworld of Tartarus.
110910 | Zig:1    | Entered Level 1 of a ziggurat
110955 | Zig:2    | Entered Level 2 of a ziggurat
110990 | Zig:3    | Entered Level 3 of a ziggurat
111058 | Zig:4    | Entered Level 4 of a ziggurat
111094 | Zig:4    | Got a glittering jade amulet
111097 | Zig:4    | Got a transparent ruby amulet
111101 | Zig:4    | Got a jewelled whip
111102 | Zig:4    | Identified the +4 whip of the Eight Yaks {freeze, Int+4}
                  | (You found it on level 4 of a ziggurat)
111104 | Zig:4    | Identified the amulet of Propriety {Gourm Int+6 Slay+5 SInv
                  | Stlth-} (You found it on level 4 of a ziggurat)
111105 | Zig:4    | Identified the amulet of Due Proportion {Harm *Drain rN++
                  | Str+2} (You found it on level 4 of a ziggurat)
111118 | Zig:5    | Entered Level 5 of a ziggurat
111170 | Zig:6    | Entered Level 6 of a ziggurat
111219 | Zig:6    | Learned a level 6 spell: Deflect Missiles
111243 | Zig:6    | Identified the +0 robe "Cumel" {Dex+4} (You found it on
                  | level 6 of a ziggurat)
111250 | Zig:7    | Entered Level 7 of a ziggurat
111326 | Zig:8    | Entered Level 8 of a ziggurat
111398 | Zig:8    | Identified the cursed +1 robe of Ashenzari's Fury {Str+4}
                  | (You found it on level 8 of a ziggurat)
111424 | Zig:8    | Got an encrusted falchion
111425 | Zig:8    | Identified the +5 falchion of the Vestibule of Hell {speed,
                  | rElec} (You found it on level 8 of a ziggurat)
111471 | Zig:9    | Entered Level 9 of a ziggurat
111506 | Zig:9    | Got a scintillating ruby amulet
111511 | Zig:9    | Identified Ilaroroa's Catalogue of the Supportive Traveller
111529 | Zig:9    | Got a warped ring mail
111540 | Zig:9    | Identified the +3 ring mail of the Ten Seas {Int+6} (You
                  | found it on level 9 of a ziggurat)
111570 | Zig:10   | Entered Level 10 of a ziggurat
111577 | Zig:10   | Noticed Asac the pandemonium lord
111580 | Zig:10   | Reached skill level 5 in Air Magic
111582 | Zig:10   | Killed Asac the pandemonium lord
111681 | Zig:10   | Identified Miakang's Almanac of Contamination and Combat
                  | Magic
111689 | Zig:10   | Identified the amulet "Tecuqan" {Acrobat rPois rF- rN+
                  | Str+2} (You found it on level 9 of a ziggurat)
111696 | Zig:10   | Got a fine graven amulet
111702 | Zig:10   | Identified the amulet of Demons {RegenMP rC++ MP+9} (You
                  | found it on level 10 of a ziggurat)
111709 | Zig:10   | Got a warped dagger
111710 | Zig:10   | Identified the cursed +1 dagger "Zeaqe" {drain, rF+} (You
                  | found it on level 10 of a ziggurat)
111734 | Zig:10   | Got a warped brass ring
111736 | Zig:10   | Identified the ring "Puerauw" {rN+ Str+4 Dex+2} (You found
                  | it on level 10 of a ziggurat)
111820 | Zig:11   | Entered Level 11 of a ziggurat
112182 | Zig:11   | Upgraded the game from 0.23-a0-85-g22930c1 to
                  | 0.23-a0-370-gf497b7c
112185 | Zig:12   | Entered Level 12 of a ziggurat
112202 | Zig:12   | Reached skill level 5 in Shields
112300 | Zig:12   | Found the ring of Robustness {AC+8}
112343 | Zig:13   | Entered Level 13 of a ziggurat
112737 | Zig:13   | Identified the +10 war axe of Gics {vamp, *Drain +Rage
                  | Str+2 Dex+4} (You found it on level 13 of a ziggurat)
112767 | Zig:14   | Entered Level 14 of a ziggurat
112880 | Zig:14   | Found the +5 scythe "Finisher" {speed, Str+3}
112882 | Zig:14   | Found the ring of Phasing {EV+8}
112927 | Zig:14   | Identified the ring "Saghase" {rN+ MR+} (You found it on
                  | level 14 of a ziggurat)
113004 | Zig:15   | Entered Level 15 of a ziggurat
113024 | Zig:15   | Found the +7 captain's cutlass {speed, disarm}
113109 | Zig:15   | Identified the ring of Patience {+Inv rPois AC+3 Int-2
                  | Slay+5} (You found it on level 15 of a ziggurat)
113114 | Zig:15   | Identified the ring of Etudorgh {+Fly rF+ rC+ MR+} (You
                  | found it on level 15 of a ziggurat)
113140 | Zig:16   | Entered Level 16 of a ziggurat
113182 | Zig:16   | Reached skill level 15 in Fighting
113278 | Zig:16   | Found the +3 robe of Folly {Archmagi, MR-- Int+5}
113293 | Zig:16   | Identified the Incunabulum of Unholy Arts and Lightness
113342 | Zig:16   | Identified the Papyrus of Congealing Evil Rites
113715 | Elf:3    | Upgraded the game from 0.23-a0-370-gf497b7c to
                  | 0.23-a0-389-g4a5eb33
114075 | Pan      | Entered Pandemonium
114203 | Pan      | Noticed Joz Neta the pandemonium lord
114212 | Pan      | Killed Joz Neta the pandemonium lord
114212 | Pan      | Reached skill level 10 in Shields
115790 | Pan      | Found an exit through the horrors of the Abyss.
116341 | Pan      | Noticed Gulol the pandemonium lord
116347 | Pan      | Killed Gulol the pandemonium lord
116860 | Pan      | Noticed Duwkeluh the pandemonium lord
116866 | Pan      | Killed Duwkeluh the pandemonium lord
117316 | Pan      | Upgraded the game from 0.23-a0-389-g4a5eb33 to
                  | 0.23-a0-398-g8eab93f
117354 | Pan      | Noticed Hucey the pandemonium lord
117359 | Pan      | Entered the realm of Lom Lobon.
118084 | Pan      | Got a transparent robe
118085 | Pan      | Identified the +0 robe of Zin's Esteem {MR- Str+5} (You
                  | found it in Pandemonium)
118446 | Pan      | Noticed Lom Lobon
118452 | Pan      | Killed Lom Lobon
118656 | Pan      | Got a magical rune of Zot
118921 | Pan      | Noticed Bunuimn Tyup the pandemonium lord
118925 | Pan      | Killed Bunuimn Tyup the pandemonium lord
119693 | Pan      | Noticed Himotady the pandemonium lord
119710 | Pan      | Killed Himotady the pandemonium lord
120296 | Pan      | Entered the realm of Gloorx Vloq.
120567 | Pan      | Reached skill level 15 in Shields
120963 | Pan      | Noticed Gloorx Vloq
121067 | Pan      | Killed Gloorx Vloq
121134 | Pan      | Got a dark rune of Zot
121285 | Pan      | Noticed Nixzauh the pandemonium lord
121369 | Pan      | Found an exit through the horrors of the Abyss.
122184 | Pan      | Killed Nixzauh the pandemonium lord
123440 | Pan      | Noticed Dytucs the pandemonium lord
123453 | Pan      | Killed Dytucs the pandemonium lord
124004 | Pan      | Noticed Laifri the pandemonium lord
124006 | Pan      | Killed Laifri the pandemonium lord
124151 | Pan      | Upgraded the game from 0.23-a0-398-g8eab93f to
                  | 0.23-a0-407-g92528d7
124155 | Pan      | Found the +2 shield of Resistance {rF+ rC+ MR+}
124171 | Depths:3 | Escaped Pandemonium
124271 | Pan      | Entered the realm of Mnoleg.
124271 | Pan      | Entered Pandemonium
124970 | Pan      | Noticed Mnoleg
124979 | Pan      | Killed Mnoleg
125174 | Pan      | Got a glowing rune of Zot
125335 | Pan      | Entered the realm of Cerebov.
125607 | Pan      | Found an exit through the horrors of the Abyss.
126001 | Pan      | Identified the ring of Gysisol {rElec rPois rF+ MR+++
                  | Int-2}
126003 | Pan      | Identified the +10 scimitar of World's End {slice, rN+}
126092 | Pan      | Identified the +6 sword of Cerebov {flame}
126092 | Pan      | Noticed Cerebov
126163 | Pan      | Killed Cerebov
126545 | Pan      | Identified the Grimoire of the Escort and Shape Shifting
126547 | Pan      | Identified the Reference Book on Evil Rites
126550 | Pan      | Got a sparkling gossamer ring
126574 | Pan      | Identified Anuxza's Compendium of Stones
126679 | Pan      | Identified the Disquisition on Harmful Ice
126723 | Pan      | Identified Oklient's Volume of Protection and Beguiling
126728 | Pan      | Got a fine mace
126729 | Pan      | Identified the +3 mace "Demonbane" {freeze, Int+3} (You
                  | found it in Pandemonium)
126730 | Pan      | Identified the ring of the Exiled Lives {rC+ MR++ Dex+7}
                  | (You found it in Pandemonium)
126767 | Pan      | Got a fiery rune of Zot
127337 | Pan      | Identified a +2 pair of boots of running (You found it in
                  | Pandemonium)
127393 | Pan      | Noticed Moyruria the pandemonium lord
127399 | Pan      | Killed Moyruria the pandemonium lord
127641 | Pan      | Found an exit through the horrors of the Abyss.
127967 | Pan      | Got a demonic rune of Zot
128002 | Pan      | Identified the +0 cloak of Hadjma {+Blink rElec rPois rF-}
                  | (You found it in Pandemonium)
128206 | Pan      | Took an exit into the Abyss.
128206 | Abyss:1  | Escaped into the Abyss
128375 | Depths:3 | Escaped the Abyss
128434 | Depths:4 | Voluntarily entered the Abyss.
129311 | Abyss:4  | Found a corrupted altar of Lugonu.
129386 | Abyss:4  | Found a shadowy altar of Dithmenos.
129603 | Abyss:4  | Reached skill level 15 in Evocations
130022 | Abyss:4  | Found a corrupted altar of Lugonu.
130172 | Abyss:4  | Got an abyssal rune of Zot
130189 | Abyss:5  | Entered Level 5 of the Abyss
130228 | Depths:4 | Escaped the Abyss
130229 | Depths:4 | Upgraded the game from 0.23-a0-407-g92528d7 to
                  | 0.23-a0-417-gf02c810
130269 | Depths:3 | Upgraded the game from 0.23-a0-417-gf02c810 to
                  | 0.23-a0-445-g768d57b
130380 | Coc:1    | Entered Level 1 of Cocytus
130778 | Coc:2    | Reached skill level 5 in Stealth
132088 | Coc:7    | Entered Level 7 of Cocytus
133515 | Coc:7    | Identified the Compendium of Aerial Ignition
133529 | Coc:7    | Got a dazzling flail
133530 | Coc:7    | Identified the cursed +2 flail of the Desolation of Salt
                  | {crush, rElec Str+2} (You found it on level 7 of Cocytus)
134120 | Coc:7    | Noticed Antaeus
134199 | Coc:7    | Identified the cursed +0 executioner's axe of the Heavens
                  | {vamp, -Tele rC+ rN+ Dex+2}
134209 | Coc:7    | Killed Antaeus
134249 | Coc:7    | Got an icy rune of Zot
134598 | Dis:1    | Entered Level 1 of the Iron City of Dis
135022 | Dis:2    | Upgraded the game from 0.23-a0-445-g768d57b to
                  | 0.23-a0-470-g6f7cfd9
135022 | Dis:2    | Upgraded the game from 0.23-a0-470-g6f7cfd9 to
                  | 0.23-a0-480-g1869896
135022 | Dis:2    | Upgraded the game from 0.23-a0-480-g1869896 to
                  | 0.23-a0-586-gacb4b3f
135849 | Dis:1    | Reached skill level 27 in Spellcasting
136880 | Dis:6    | Reached skill level 1 in Maces & Flails
137981 | Dis:6    | Reached skill level 5 in Maces & Flails
138467 | Dis:6    | Learned a level 4 spell: Passage of Golubria
138474 | Dis:6    | Learned a level 6 spell: Iron Shot
138485 | Dis:7    | Entered Level 7 of the Iron City of Dis
138504 | Dis:7    | Reached skill level 1 in Earth Magic
139362 | Dis:7    | Reached skill level 5 in Earth Magic
140421 | Dis:7    | Found the +5 robe of Night {Dark MR+ SInv}
140565 | Dis:7    | Identified the Guide on Blistering Clay
141106 | Dis:7    | Identified the +4 staff of Dispater
141106 | Dis:7    | Noticed Dispater
141118 | Dis:7    | Killed Dispater
141423 | Dis:7    | Identified the +3 spear of the Orb {speed, rElec rC++ Int-3
                  | Stlth+} (You found it on level 7 of the Iron City of Dis)
141428 | Dis:7    | Got an iron rune of Zot
141437 | Dis:7    | Got a crude glass ring
141439 | Dis:7    | Identified the +6 flail of Ruination {drain, rC+ Dex+4}
                  | (You found it on level 7 of the Iron City of Dis)
141440 | Dis:7    | Identified the ring of Asuwolid {AC+3 Slay+2} (You found it
                  | on level 7 of the Iron City of Dis)
141554 | Dis:7    | Reached skill level 10 in Earth Magic
141703 | Geh:1    | Entered Level 1 of Gehenna
144019 | Geh:7    | Entered Level 7 of Gehenna
144848 | Geh:7    | Identified the cursed +0 pearl dragon scales of the Bells
                  | {rN+ Regen+ Str+3} (You found it on level 7 of Gehenna)
145078 | Geh:7    | Identified the +7 sceptre of Asmodeus
145078 | Geh:7    | Noticed Asmodeus
145148 | Geh:7    | Killed Asmodeus
145214 | Geh:7    | Got an obsidian rune of Zot
145366 | Tar:1    | Entered Level 1 of Tartarus
145920 | Tar:3    | Reached skill level 10 in Maces & Flails
148376 | Tar:7    | Entered Level 7 of Tartarus
149883 | Tar:7    | Reached skill level 27 in Conjurations
149883 | Tar:7    | Reached skill level 27 in Fire Magic
150785 | Tar:7    | Noticed the Serpent of Hell
150789 | Tar:7    | Killed the Serpent of Hell
151033 | Tar:7    | Noticed Ereshkigal
151097 | Tar:7    | Killed Ereshkigal
151123 | Tar:7    | Identified Zaogh's Reference Book on Enchantment
151129 | Tar:7    | Got a bone rune of Zot
151131 | Tar:7    | Identified the +3 long sword "Hydraslayer" {pain, rPois
                  | rF+++ Int-3 Dex+6} (You found it on level 7 of Tartarus)
151133 | Tar:7    | Got a shimmering turquoise ring
151145 | Tar:7    | Identified the ring of Qivautez {+Inv rElec rPois Str-5
                  | Dex+3} (You found it on level 7 of Tartarus)
152025 | Tomb:2   | Noticed a greater mummy
152034 | Tomb:2   | Killed a greater mummy
152034 | Tomb:2   | Noticed a greater mummy
152036 | Tomb:2   | Noticed a greater mummy
152038 | Tomb:2   | Killed a greater mummy
152041 | Tomb:2   | Noticed a greater mummy
152044 | Tomb:2   | Killed a greater mummy
152190 | Tomb:2   | Noticed a greater mummy
152199 | Tomb:2   | Killed a greater mummy
152199 | Tomb:2   | Killed a greater mummy
152479 | Tomb:1   | Noticed a greater mummy
152482 | Tomb:1   | Noticed a greater mummy
152483 | Tomb:1   | Noticed a greater mummy
152486 | Tomb:1   | Killed a greater mummy
152486 | Tomb:1   | Killed a greater mummy
152486 | Tomb:1   | Killed a greater mummy
152613 | Tomb:1   | Noticed a greater mummy
152616 | Tomb:1   | Killed a greater mummy
152671 | Tomb:1   | Noticed a greater mummy
152675 | Tomb:1   | Killed a greater mummy
152703 | Tomb:1   | Noticed a greater mummy
152716 | Tomb:1   | Killed a greater mummy
152732 | Tomb:1   | Noticed a greater mummy
152738 | Tomb:1   | Killed a greater mummy
152789 | Tomb:1   | Noticed a greater mummy
152789 | Tomb:1   | Noticed a greater mummy
152792 | Tomb:1   | Killed a greater mummy
152796 | Tomb:1   | Killed a greater mummy
152798 | Tomb:1   | Noticed a greater mummy
152804 | Tomb:1   | Killed a greater mummy
152852 | Tomb:1   | Noticed a greater mummy
152865 | Tomb:1   | Killed a greater mummy
152877 | Tomb:1   | Noticed a greater mummy
152879 | Tomb:1   | Killed a greater mummy
152920 | Tomb:1   | Noticed a greater mummy
152925 | Tomb:1   | Killed a greater mummy
152988 | Tomb:1   | Noticed a greater mummy
152990 | Tomb:1   | Killed a greater mummy
152990 | Tomb:1   | Noticed a greater mummy
153003 | Tomb:1   | Killed a greater mummy
153013 | Tomb:1   | Noticed a greater mummy
153015 | Tomb:1   | Killed a greater mummy
153015 | Tomb:1   | Noticed a greater mummy
153016 | Tomb:1   | Noticed a greater mummy
153018 | Tomb:1   | Killed a greater mummy
153018 | Tomb:1   | Killed a greater mummy
153018 | Tomb:1   | Killed a greater mummy
153092 | Tomb:1   | Noticed a greater mummy
153096 | Tomb:1   | Killed a greater mummy
153096 | Tomb:1   | Noticed a greater mummy
153098 | Tomb:1   | Killed a greater mummy
153533 | Tomb:3   | Entered Level 3 of the Tomb of the Ancients
153580 | Tomb:3   | Killed a greater mummy
153580 | Tomb:3   | Killed a greater mummy
153580 | Tomb:3   | Noticed a greater mummy
153581 | Tomb:3   | Killed a greater mummy
153582 | Tomb:3   | Killed a greater mummy
153582 | Tomb:3   | Killed a greater mummy
153582 | Tomb:3   | Killed a greater mummy
153712 | Tomb:3   | Noticed a greater mummy
153713 | Tomb:3   | Noticed a greater mummy
153715 | Tomb:3   | Killed a greater mummy
153717 | Tomb:3   | Killed a greater mummy
153717 | Tomb:3   | Reached skill level 5 in Armour
153766 | Tomb:3   | Noticed a greater mummy
153770 | Tomb:3   | Killed a greater mummy
153915 | Tomb:3   | Found the +8 storm bow {elec}
153923 | Tomb:3   | Identified the +6 hand axe of Imaenap {chop, *Slow rF++
                  | MR+} (You found it on level 3 of the Tomb of the Ancients)
154056 | Tomb:3   | Identified the +1 leather armour of Ceuluv {-Tele rC- rN+++
                  | Str+5} (You found it on level 3 of the Tomb of the
                  | Ancients)
154143 | Tomb:3   | Identified the +1 leather armour of Qaal {rC+} (You found
                  | it on level 3 of the Tomb of the Ancients)
154242 | Tomb:3   | Got a golden rune of Zot
154246 | Tomb:3   | Identified the +0 pair of boots "Kuomaut" {+Fly rElec} (You
                  | acquired it on level 3 of the Tomb of the Ancients)
155010 | Zot:1    | Entered Level 1 of the Realm of Zot
155514 | Zot:5    | Entered Level 5 of the Realm of Zot
157003 | Zot:5    | Noticed an ancient lich
157178 | Zot:5    | Killed an ancient lich
157267 | Zot:5    | Noticed an orb of fire
157318 | Zot:5    | Noticed an orb of fire
157318 | Zot:5    | Noticed an ancient lich
157329 | Zot:5    | Noticed an orb of fire
157332 | Zot:5    | Noticed an orb of fire
157332 | Zot:5    | Noticed an orb of fire
157337 | Zot:5    | Killed an ancient lich
157439 | Zot:5    | Got the Orb of Zot
157481 | Zot:5    | Killed an orb of fire
157644 | Depths:5 | Noticed Dacvaryu the pandemonium lord
157653 | Depths:5 | Killed Dacvaryu the pandemonium lord
157659 | Depths:5 | Noticed Butush the pandemonium lord
158000 | D:10     | Noticed Riemiekk the pandemonium lord
158130 | D:1      | Noticed Tiptauw the pandemonium lord
158131 | D:1      | Killed Tiptauw the pandemonium lord
158234 | D:$      | Escaped with the Orb!

Vault maps used:
D:1:      dpeg_arrival_arbitrary_b
D:2:      lightli_temple_of_fire, chequers_ecumenical_altar_grove,
          grunt_gozag_statues, uniq_sigmund, uniq_jessica, uniq_robin
D:3:      first_ration, serial_glass, glass_columns_b, glass_columns_a,
          minmay_strange_pillars, minmay_strange_pillars
D:4:      kennysheep_little_box, lemuel_round_altar, serial_shops,
          nicolae_shop_crystal, uniq_pikel
D:5:      lemuel_round_altar, serial_shops, shop, kennysheep_crisscross,
          uniq_grinder
D:6:      nicolae_overflow_crystal_walls, xom_confusion_cloud,
          lemuel_crystal_altar, cheibrodos_sewer_entry_sluice
D:7:      lemuel_ratsnest, temple_green, grunt_livestock, tgw_kikubaaqudgha
D:8:      grunt_temple_overflow_open, david_lair_generic, enter_bailey_3,
          serial_shops, nicolae_shop_behind_doors, shop, uniq_grum, uniq_joseph
D:9:      serial_shops, shop, shop, shop, nicolae_shop_crystal, shop
D:10:     serial_ice, serial_ice_e, uniq_fannar
D:11:     uniq_harold
D:12:     wad_woods_tower, uniq_snorg, uniq_kirke
D:13:     david_vaults_3, special_room, trove_entry_hex_spiral, uniq_josephine
D:14:     nicolae_benzene_ring
D:15:     gammafunk_enter_depths_forms, uniq_azrael
Lair:2:   lemuel_slime, elwin_shoals_entry_rocks,
          nicolae_spider_entry_tight_spaces, grunt_megastairs_3
Lair:4:   serial_bayou_shore_a, infiniplex_staircase_pool, serial_bayou_shore_b,
          minmay_lair_oklob_chamber
Lair:5:   nicolae_slime_entry_slimehenge, cheibrodos_lair_lostbears,
          grunt_megastairs_2
Lair:6:   gammafunk_lair_ancient_temple, minivault_23, patterned_corridor
Shoals:1: serial_shops, shop
Shoals:2: cheibrodos_shoals_baths
Shoals:3: serial_shops, nicolae_shop_behind_doors
Shoals:4: shoals_end_grunt_garden, shoals_ilsuiw_ice
Spider:2: nicolae_looking_at_the_future, uniq_nikola
Spider:4: grunt_spider_rune_parallel, uniq_mara
Slime:1:  cheibrodos_slime_lost_civilization_9,
          cheibrodos_slime_lost_civilization_5
Slime:4:  cheibrodos_slime_lost_civilization_3, dissolution_awaits
Orc:2:    grunt_orc_community_town_hall, grunt_orc_community_big_house_1,
          grunt_orc_community_big_house_2, grunt_orc_community_house_1,
          grunt_orc_community_house_3, grunt_orc_community_house_2,
          grunt_orc_community_house_3, serial_shops,
          nicolae_shop_temple_entry_statues_fountains, shop, shop
Elf:1:    elf_arrival_001, minmay_shop_grove, uniq_donald
Elf:2:    uniq_agnes
Elf:3:    minmay_elf_hall_quartered_circle, special_room, uniq_saint_roka
Vaults:1: ontoclasm_vaults_eye, nicolae_vaults_angled_halls,
          nicolae_vaults_little_squares_1, v_alt_pattern_1, vaults_room_pools,
          nicolae_vaults_alarming, v_misc_13, nicolae_vaults_diagonal_hallway_8,
          serial_shops, nicolae_shop_window_shopping
Vaults:2: dpeg_vaults_monster_row, hangedman_vaults_stagger, v_rooms_6,
          v_misc_19, v_misc_18, ontoclasm_vaults_claustrophobia,
          ontoclasm_vaults_twist, v_misc_9, v_misc_27, vaults_dpeg_spiral,
          nicolae_vaults_little_squares_6, nicolae_vaults_little_squares_6,
          vaults_room_ringed_pool, vaults_room_octagon, serial_shops, shop,
          uniq_aizul
Vaults:3: ontoclasm_vaults_ring_large, v_misc_1, ontoclasm_vaults_misaligned,
          hangedman_vaults_corner, hangedman_vaults_capsules,
          minmay_crypt_entry_simple_sparse, v_misc_32,
          nicolae_vaults_border_crossing, vaults_dpeg_cross,
          hangedman_vaults_snaps, vaults_room_pools,
          nicolae_vaults_specimen_jars
Vaults:4: v_pattern_4, hangedman_vaults_trim,
          nicolae_vaults_network_quinsquares, v_rooms_2,
          ontoclasm_vaults_ring_square, nicolae_vaults_inception_scallops,
          v_misc_15, hangedman_vaults_slice, v_misc_9, special_room_vaults,
          v_misc_25, uniq_mennas
Vaults:5: uniq_boris
Crypt:1:  hangedman_batty
Crypt:2:  due_chaos_kobolds, basic_altar, minivault_24, uniq_frederick
Crypt:3:  evilmike_haunted_forest
Depths:1: hell_entry, abyss_entry, roderic_lattice_a, grunt_ministairs_2,
          lemuel_flamethrower_2
Depths:2: evilmike_wizard_prison, serial_glass, glass_columns_a,
          glass_columns_b, hell_entry, infiniplex_staircase_door_maze
Depths:3: kennysheep_scales, enter_ziggurat_f, serial_shops, bzr_entry_gold,
          kennysheep_mini, nicolae_shop_behind_doors, grunt_pan_entry_spiral,
          grunt_hell_entry_dis_grunt, nemelex_xobeh_ov_fountains_minmay
Depths:4: grunt_runaround, hell_entry, abyss_entry
Depths:5: grunt_zot_entry_pinwheel, serial_bayou_shore_b, hell_entry,
          grunt_megastairs_4, serial_bayou_shore_b, serial_bayou_shore_b,
          basic_stair_grate_trap, serial_bayou_shore_b
Dis:1:    hangedman_dis_chains
Dis:2:    hangedman_dis_monolith, hangedman_dis_decor_blocks_talon,
          hangedman_dis_decor_tower, evilmike_ambush
Dis:6:    nicolae_dis_strange_trophy_room
Dis:7:    iron_city_of_dis
Geh:2:    nicolae_geh_lava_in_the_way
Geh:3:    lemuel_flamethrower_3
Geh:5:    nicolae_geh_single_fiery_grave
Geh:7:    geh_grunt
Coc:7:    coc_hangedman
Tar:3:    nicolae_tar_cuneiform_city
Tar:7:    tar_minmay_river
Zot:1:    lemuel_halls_of_wrath, gammafunk_ghost_grave
Zot:2:    lemuel_flame_loot_1, basic_stair_grate_trap, lemuel_elevator
Zot:3:    circus_mu, hangedman_zot_spectrum
Abyss:4:  gammafunk_abyss_exit_x_factor, nicolae_abyss_rune_left_handed,
          minivault_1
Pan:      grunt_pan_spiral, nicolae_pan_mnolegish_3, nicolae_pan_diamonds,
          pan_blood_fountain, evilmike_mini_pan_corner, nicolae_pan_sigil_nadil,
          pan_captured_pigsty, grunt_pan_zigzag, evilmike_mini_pan_layers,
          pan_blood_fountain_small, evilmike_mini_pan_pillars_b,
          nicolae_pan_sigil_nadil, evilmike_mini_pan_pillars_b,
          pan_blood_fountain_small, lom_lobon_st, grunt_pan_pentagram,
          grunt_pan_in_and_out, nicolae_pan_lom_lobonic_4, pan_disco_hall,
          pan_blood_fountain, rand_demon_2, nicolae_pan_mnolegish_4,
          nicolae_pan_sigil_uleosi, nicolae_pan_strange_glyphs, pan_surprise,
          gloorx_vloq, rand_demon_1, nicolae_pan_lom_lobonic_1, rand_demon_4,
          grunt_pan_zigzag, mnoleg_st, nicolae_pan_gloorx_vloqian_3, cerebov,
          pan_blood_fountain_small, evilmike_mini_pan_diamond,
          evilmike_mini_pan_pillars
Zig:9:    ziggurat_pillar_centre_smoke
Zig:13:   ziggurat_pillar_centre_oklobs
Sewer:    sewer_co_purgy_island
Bailey:   bailey_polearm_5, bailey

Skill      XL: |  1  2  3  4  5  6  7  8  9 10 11 12 13 14 15 16 17 18 19 20 21 22 23 24 25 26 27 |
---------------+----------------------------------------------------------------------------------+-----
Conjurations   | 1 2 3 4 5 6 7 8 9 10 11 12 13 14 15 16 18 19 20 21 27 | 27.0
Spellcasting   | 3 4 6 7 9 10 12 13 14 15 16 18 19 21 22 27 | 27.0
Fire Magic     | 3 4 5 6 7 8 9 10 11 12 15 17 19 20 21 27 | 27.0
Shields        | 1 3 4 15 | 15.1
Fighting       | 2 3 4 7 8 9 11 12 23 | 23.2
Dodging        | 2 4 5 6 7 8 9 10 11 12 13 14 21 | 21.5
Charms         | 2 4 |  4.0
Ice Magic      | 2 |  2.0
Evocations     | 4 5 7 10 19 | 19.7
Armour         | 2 9 |  9.6
Summonings     | 3 4 |  4.3
Air Magic      | 3 4 5 |  5.3
Translocations | 1 2 |  2.0
Stealth        | 8 |  8.5
Maces & Flails | 12 | 12.0
Earth Magic    | 14 | 14.8

Action                   |  1- 3 |  4- 6 |  7- 9 | 10-12 | 13-15 | 16-18 | 19-21 | 22-24 | 25-27 || total
-------------------------+-------+-------+-------+-------+-------+-------+-------+-------+-------++-------
Melee: Whip              |    13 |       |       |       |       |       |       |       |       ||    13
       Spear             |     8 |       |       |       |       |       |       |       |       ||     8
       Broad axe         |     4 |    47 |       |       |       |       |       |       |       ||    51
       Hand axe          |       |    27 |   117 |   229 |   179 |    60 |     1 |       |       ||   613
       Dagger            |       |       |     1 |     6 |       |       |       |       |       ||     7
       Staff             |       |       |       |       |     2 |       |    34 |    23 |    15 ||    74
       Scimitar          |       |       |       |       |       |     8 |       |       |       ||     8
       Trident           |       |       |       |       |       |     2 |       |       |       ||     2
       Demon trident     |       |       |       |       |       |    30 |    29 |       |   100 ||   159
       Double sword      |       |       |       |       |       |       |    39 |    21 |       ||    60
       Demon whip        |       |       |       |       |       |       |       |   156 |   670 ||   826
Throw: Stone             |       |       |     3 |       |       |       |       |       |       ||     3
 Cast: Flame Tongue      |    61 |    96 |   143 |   245 |    58 |    11 |       |       |     7 ||   621
       Throw Flame       |    11 |    61 |    37 |    56 |    46 |    21 |    10 |     2 |    16 ||   260
       Conjure Flame     |       |     2 |     7 |    27 |    24 |     6 |    26 |    20 |    27 ||   139
       Sticky Flame      |       |       |    25 |    50 |   102 |    53 |    78 |    48 |    90 ||   446
       Fireball          |       |       |     2 |    17 |    56 |    61 |    74 |    34 |    97 ||   341
       Bolt of Fire      |       |       |       |    74 |   254 |   426 |   378 |   466 |  2138 ||  3736
       Iskenderun's Myst |       |       |       |    19 |   114 |    68 |   145 |   113 |   222 ||   681
       Ozocubu's Armour  |       |       |       |     1 |    14 |       |    10 |    12 |    23 ||    60
       Summon Butterflie |       |       |       |       |     1 |       |       |       |     8 ||     9
       Orb of Destructio |       |       |       |       |       |    10 |    52 |    83 |   656 ||   801
       Summon Lightning  |       |       |       |       |       |     3 |     2 |       |       ||     5
       Ignition          |       |       |       |       |       |       |     4 |    27 |   128 ||   159
       Apportation       |       |       |       |       |       |       |       |    23 |  2151 ||  2174
       Blink             |       |       |       |       |       |       |       |     1 |    45 ||    46
       Fire Storm        |       |       |       |       |       |       |       |       |   336 ||   336
       Iron Shot         |       |       |       |       |       |       |       |       |   324 ||   324
       Deflect Missiles  |       |       |       |       |       |       |       |       |     9 ||     9
       Swiftness         |       |       |       |       |       |       |       |       |     2 ||     2
Invok: Potion Petition   |       |       |     1 |       |     1 |     1 |       |       |    14 ||    17
       Call Merchant     |       |       |       |       |       |       |     2 |       |     2 ||     4
       Bribe Branch      |       |       |       |       |       |       |       |       |     4 ||     4
 Abil: Evoke Invisibilit |       |       |       |       |       |       |     8 |       |       ||     8
       Evoke Flight      |       |       |       |       |       |       |       |       |     6 ||     6
Evoke: Wand              |       |       |     4 |    26 |     8 |     4 |     1 |     2 |    29 ||    74
       Phial of floods   |       |       |       |       |     1 |       |     1 |       |     3 ||     5
       Staff of energy   |       |       |       |       |       |   162 |   940 |  1188 |  4741 ||  7031
       Sack of spiders   |       |       |       |       |       |       |       |       |     3 ||     3
       Horn of Geryon    |       |       |       |       |       |       |       |       |     2 ||     2
       Phantom mirror    |       |       |       |       |       |       |       |       |     2 ||     2
       Sceptre of Asmode |       |       |       |       |       |       |       |       |     1 ||     1
       Fan of gales      |       |       |       |       |       |       |       |       |     1 ||     1
       Lamp of fire      |       |       |       |       |       |       |       |       |     1 ||     1
  Use: Scroll            |       |       |     3 |     5 |    17 |    11 |    13 |     8 |    85 ||   142
 Stab: Distracted        |     1 |       |     1 |     2 |     2 |     1 |       |       |    11 ||    18
       Sleeping          |       |     1 |       |       |       |       |       |       |     1 ||     2
       Paralysed         |       |       |       |     1 |       |       |       |       |       ||     1
       Invisible         |       |       |       |       |       |       |     2 |       |       ||     2
       Confused          |       |       |       |       |       |       |       |       |     1 ||     1
       Held in net/web   |       |       |       |       |       |       |       |       |     1 ||     1
Armor: Robe              |    12 |    21 |    42 |       |       |       |    21 |   106 |   448 ||   650
       Leather armour    |       |       |       |    96 |   132 |       |       |       |       ||   228
       Ring mail         |       |       |       |       |    59 |   100 |   137 |       |    24 ||   320
Dodge: Dodged            |    32 |    54 |   102 |   205 |   417 |   255 |   320 |   279 |  1279 ||  2943
       Deflected         |       |       |       |       |       |       |       |       |   100 ||   100
Block: Buckler           |       |       |    20 |   136 |   178 |   127 |   123 |   101 |   135 ||   820
       Reflection        |       |       |     2 |     7 |    25 |    42 |    15 |       |       ||    91
       Shield            |       |       |       |       |       |       |       |       |  1079 ||  1079
       Rpst.: Scimitar   |       |       |       |       |       |     1 |       |       |       ||     1
       Double sword      |       |       |       |       |       |       |    11 |     3 |       ||    14

Table legend:
 A = Non-vault XP
 B = Vault XP
 C = Vault XP percentage of total XP
 D = Non-vault monster count
 E = Vault monster count
 F = Vault count percentage of total count
                 A         B        C        D         E       F
            +---------+---------+-------+---------+---------+-------
      Total | 3370412 | 1162261 |  25.6 |    5204 |     795 |  13.3
            +---------+---------+-------+---------+---------+-------
        D:1 |      76 |       0 |   0.0 |      32 |       0 |   0.0
        D:2 |     113 |       0 |   0.0 |      32 |       0 |   0.0
        D:3 |     107 |       0 |   0.0 |      34 |       0 |   0.0
        D:4 |     466 |       0 |   0.0 |      29 |       0 |   0.0
        D:5 |    1047 |       0 |   0.0 |      20 |       0 |   0.0
        D:6 |     693 |       0 |   0.0 |      28 |       0 |   0.0
        D:7 |    2383 |       0 |   0.0 |      48 |       0 |   0.0
        D:8 |    2452 |       0 |   0.0 |      22 |       0 |   0.0
        D:9 |    1638 |       0 |   0.0 |      21 |       0 |   0.0
       D:10 |    2463 |       0 |   0.0 |      20 |       0 |   0.0
       D:11 |    7431 |       0 |   0.0 |      37 |       0 |   0.0
       D:12 |   14219 |       0 |   0.0 |      60 |       0 |   0.0
       D:13 |   21438 |       0 |   0.0 |      82 |       0 |   0.0
       D:14 |   11302 |       0 |   0.0 |      48 |       0 |   0.0
       D:15 |   20464 |       0 |   0.0 |      42 |       0 |   0.0
     Lair:1 |    3197 |       0 |   0.0 |      19 |       0 |   0.0
     Lair:2 |   15576 |       0 |   0.0 |      69 |       0 |   0.0
     Lair:3 |    2653 |       0 |   0.0 |       8 |       0 |   0.0
     Lair:4 |    9779 |       0 |   0.0 |      29 |       0 |   0.0
     Lair:5 |   10595 |       0 |   0.0 |      40 |       0 |   0.0
     Lair:6 |   18871 |       0 |   0.0 |      50 |       0 |   0.0
   Shoals:1 |   16208 |       0 |   0.0 |      28 |       0 |   0.0
   Shoals:2 |   17631 |       0 |   0.0 |      37 |       0 |   0.0
   Shoals:3 |   13346 |       0 |   0.0 |      31 |       0 |   0.0
   Shoals:4 |   45996 |       0 |   0.0 |      71 |       0 |   0.0
   Spider:1 |    6099 |       0 |   0.0 |      23 |       0 |   0.0
   Spider:2 |   16422 |       0 |   0.0 |      39 |       0 |   0.0
   Spider:3 |   24088 |       0 |   0.0 |      61 |       0 |   0.0
   Spider:4 |   47500 |       0 |   0.0 |      80 |       0 |   0.0
    Slime:1 |   14773 |       0 |   0.0 |      27 |       0 |   0.0
    Slime:2 |   17713 |       0 |   0.0 |      29 |       0 |   0.0
    Slime:3 |   30137 |       0 |   0.0 |      28 |       0 |   0.0
    Slime:4 |   23054 |       0 |   0.0 |      32 |       0 |   0.0
    Slime:5 |   35497 |       0 |   0.0 |      24 |       0 |   0.0
      Orc:1 |    8356 |       0 |   0.0 |      40 |       0 |   0.0
      Orc:2 |   10944 |       0 |   0.0 |     104 |       0 |   0.0
      Elf:1 |   19223 |       0 |   0.0 |      32 |       0 |   0.0
      Elf:2 |   37610 |       0 |   0.0 |      47 |       0 |   0.0
      Elf:3 |   83312 |       0 |   0.0 |      85 |       0 |   0.0
   Vaults:1 |   50403 |       0 |   0.0 |      86 |       0 |   0.0
   Vaults:2 |   48095 |       0 |   0.0 |      76 |       0 |   0.0
   Vaults:3 |   59243 |       0 |   0.0 |      96 |       0 |   0.0
   Vaults:4 |   59902 |       0 |   0.0 |      93 |       0 |   0.0
   Vaults:5 |  194691 |       0 |   0.0 |     153 |       0 |   0.0
    Crypt:1 |   41816 |       0 |   0.0 |      69 |       0 |   0.0
    Crypt:2 |   32053 |       0 |   0.0 |      39 |       0 |   0.0
    Crypt:3 |   84957 |       0 |   0.0 |     117 |       0 |   0.0
     Tomb:1 |   67674 |  138293 |  67.1 |      71 |      33 |  31.7
     Tomb:2 |    3437 |   53889 |  94.0 |      14 |      38 |  73.1
     Tomb:3 |    6100 |  121916 |  95.2 |      16 |     103 |  86.6
   Depths:1 |   32523 |       0 |   0.0 |      43 |       0 |   0.0
   Depths:2 |   28904 |       0 |   0.0 |      47 |       0 |   0.0
   Depths:3 |   42371 |       0 |   0.0 |      52 |       0 |   0.0
   Depths:4 |  111430 |       0 |   0.0 |      93 |       0 |   0.0
   Depths:5 |   81350 |       0 |   0.0 |      77 |       0 |   0.0
       Hell |   45721 |    5793 |  11.2 |      72 |       6 |   7.7
      Dis:1 |   45017 |       0 |   0.0 |      81 |       0 |   0.0
      Dis:2 |   21034 |   27571 |  56.7 |      46 |      44 |  48.9
      Dis:3 |   41242 |       0 |   0.0 |      53 |       0 |   0.0
      Dis:4 |   20760 |       0 |   0.0 |      45 |       0 |   0.0
      Dis:5 |   15751 |       0 |   0.0 |      12 |       0 |   0.0
      Dis:6 |   53857 |       0 |   0.0 |      64 |       0 |   0.0
      Dis:7 |   91942 |  107158 |  53.8 |     116 |      61 |  34.5
      Geh:1 |   52096 |       0 |   0.0 |      91 |       0 |   0.0
      Geh:2 |   31613 |       0 |   0.0 |      74 |       0 |   0.0
      Geh:3 |   30217 |       0 |   0.0 |      60 |       0 |   0.0
      Geh:5 |    9163 |       0 |   0.0 |      12 |       0 |   0.0
      Geh:6 |    2929 |       0 |   0.0 |      11 |       0 |   0.0
      Geh:7 |   36259 |   55765 |  60.6 |      52 |      41 |  44.1
      Coc:1 |   10425 |       0 |   0.0 |      29 |       0 |   0.0
      Coc:2 |   11568 |       0 |   0.0 |      33 |       0 |   0.0
      Coc:3 |   42612 |       0 |   0.0 |      49 |       0 |   0.0
      Coc:4 |   28174 |       0 |   0.0 |      58 |       0 |   0.0
      Coc:5 |    4592 |       0 |   0.0 |       6 |       0 |   0.0
      Coc:6 |   25927 |       0 |   0.0 |      43 |       0 |   0.0
      Coc:7 |  101176 |   92870 |  47.9 |     109 |      80 |  42.3
      Tar:1 |    4659 |       0 |   0.0 |      13 |       0 |   0.0
      Tar:2 |   13626 |       0 |   0.0 |      36 |       0 |   0.0
      Tar:3 |   32010 |       0 |   0.0 |      63 |       0 |   0.0
      Tar:4 |   23918 |       0 |   0.0 |      46 |       0 |   0.0
      Tar:5 |   48605 |       0 |   0.0 |      61 |       0 |   0.0
      Tar:6 |   52957 |       0 |   0.0 |      61 |       0 |   0.0
      Tar:7 |  148456 |   95683 |  39.2 |     176 |      61 |  25.7
      Zot:1 |    3434 |   28045 |  89.1 |       4 |      39 |  90.7
      Zot:2 |       0 |     512 | 100.0 |       0 |       1 | 100.0
      Zot:3 |   63621 |   52033 |  45.0 |      37 |      40 |  51.9
      Zot:4 |   13742 |       0 |   0.0 |      10 |       0 |   0.0
      Zot:5 |   53488 |   52896 |  49.7 |      34 |      20 |  37.0
    Abyss:1 |     758 |       0 |   0.0 |       1 |       0 |   0.0
    Abyss:2 |   28930 |   12023 |  29.4 |      64 |      19 |  22.9
    Abyss:3 |    1180 |       0 |   0.0 |       5 |       0 |   0.0
    Abyss:4 |   41492 |    9216 |  18.2 |      62 |       7 |  10.1
    Abyss:5 |      95 |       0 |   0.0 |       1 |       0 |   0.0
        Pan |  332862 |  305322 |  47.8 |     406 |     196 |  32.6
      Zig:1 |    1465 |       0 |   0.0 |       2 |       0 |   0.0
      Zig:2 |    3321 |       0 |   0.0 |       2 |       0 |   0.0
      Zig:3 |    5139 |       0 |   0.0 |       3 |       0 |   0.0
      Zig:4 |    5867 |       0 |   0.0 |       4 |       0 |   0.0
      Zig:5 |    6363 |       0 |   0.0 |       7 |       0 |   0.0
      Zig:6 |    4453 |       0 |   0.0 |      11 |       0 |   0.0
      Zig:7 |    7960 |       0 |   0.0 |      12 |       0 |   0.0
      Zig:8 |    9317 |       0 |   0.0 |      13 |       0 |   0.0
      Zig:9 |   11738 |       0 |   0.0 |      15 |       0 |   0.0
     Zig:10 |   20324 |       0 |   0.0 |      15 |       0 |   0.0
     Zig:11 |   15858 |       0 |   0.0 |      21 |       0 |   0.0
     Zig:12 |   23558 |       0 |   0.0 |      23 |       0 |   0.0
     Zig:13 |   18654 |    3276 |  14.9 |      24 |       6 |  20.0
     Zig:14 |   28692 |       0 |   0.0 |      21 |       0 |   0.0
     Zig:15 |   22825 |       0 |   0.0 |      37 |       0 |   0.0
     Zig:16 |   37554 |       0 |   0.0 |      29 |       0 |   0.0
      Sewer |     155 |       0 |   0.0 |       9 |       0 |   0.0
     Bailey |    1440 |       0 |   0.0 |      30 |       0 |   0.0
            +---------+---------+-------+---------+---------+-------
